Workbook
Name BuildingType: Table1[Building Types]
Name City: Table504[City]
Name CompType: Table811[Compressor Type]
Name Controls: Table815[Control Type]
Name CustCat: Table16[]
Name CustomCap: Table1720[CustomCap]
Name Doors: Table6[Door Types]
Name HeatingSource: Table3[]
Name HeatingSource_ElecList: Table11[HeatingSource_ElecList]
Name HeatingSource_FuelList: Table611[HeatingSource_FuelList]
Name HeatingSource_NAList: Table13[HEatingSource_NAList]
Name NoList: #REF!
Name PrescriptiveCap: Table1720[PrescriptiveCap]
Name sec_AirCompVSD: #REF!
Name sec_CAFC: #REF!
Name sec_CustomApplication: 'Custom Worksheet'!$B$1
Name sec_LPDF: #REF!
Name sec_RefDry: #REF!
Name sec_TRMIM: #REF!
Name sec_ZLCD: #REF!
Name Shift_Hrs: Table79[]
Name States: Table39[States]
Name TRMCity: Table504[TRM City]
Name YesList: #REF!
Name ZipCode: Table504[Zip Code]

Sheet App Instruct
A2: Program Application
A3: Supplemental Measures Program | F3: =IF('App Cust Info'!H29="Yes","SMB",IF('App Cust Info'!H29="No","SHIFT",IF(AND('Savings Summary'!D36=TRUE,'Savings Summary'!E36<>""),'Savings Summary'!E36,"")))
A6: This Program is designed for Commercial or Industrial customers to help replace aging and inefficient equipment and systems with more energy efficient technologies. Incentives are intended to help reduce upfront costs for higher-efficient equipment while supporting overall business operations and performance.
A8: Application and Instructions
A9: The incentives set forth in this application will be provided for the installation of equipment retrofits. Incentives are ONLY for the installation types outlined.
A11: Eligibility:
A12: • Must be an Upstate New York National Grid Commercial Electric and/or Natural Gas Account holder and pay into the System Benefits Charge (SBC).
A13: • IRS recognized farms and religious organizations may also be eligible if they pay into the SBC. Please verify with a copy of a National Grid electric utility bill.
A14: • Product types eligible for incentives are included in Tables 1 - 18 found on the Supp Meas Worksheet and Comp Air Worksheet. Complete details required in each applicable table.
A15: • Measures not listed in the tables may be eligible for incentives through the Custom approach. | H15: Please refer to the Custom Worksheet for more details.
A16: • Customers with average billed demand (kW) for the last 12 months that is 250 kW or less for electric customers or 50,000 annual therms or less for gas customers are eligible to receive Small/Medium Business Supplemental Program incentives. Eligibilty is determined by electric service rate and usage entered on App Cust Info tab. Usage will be verified against latest 12 month billing data.
A17: • For Eligible Small Business Customers - Incentives outlined will cap at 70% of total project cost for NIMO Customers and 85% for KEDNY & KEDLI Gas Customers or $50,000, whichever is the lesser. For those small/medium business eligible customers who are also located in a Disadvanaged Community (DAC) they will be eligible for additional incentives up to 85% of total project cost for NIMO Customers and 90% for KEDNY & KEDLI Gas Customers or $50,000, whichever is the lesser.
A18: • For Commercial/Industrial customers not eligible for Small Business (LCI) - Incentives outlined will cap at 65% of total project cost for NIMO, KEDNY & KEDLI Customers or $100,000, whichever is the lesser. For those LCI customers who are located in a Disadvanaged Community (DAC) they will be eligible for additional incentives up to 85% of total project cost for NIMO, KEDNY & KEDLI Customers or $100,000, whichever is the lesser. LCI Custom projects will use the same caps up to $250,000.
A19: • Incentives outlined per measure are dynamic based on customer details entered. Incentives may change based on verification of application and customer information entered.
A20: • Customers that are served by National Grid for both gas and electric will receive incentives based on the fuel source of the heating system.
A22: Pre-Approval Requirements:
A23: • Only completed applications will be considered and reviewed for incentive eligibility.
A24: • All projects require a pre-inspection prior to National Grid issuing an incentive offer letter.
A25: • BEFORE purchasing and installing the equipment, ensure the project is eligible for an incentive.
A26: • National Grid account number, Federal Tax ID numbers and a W-9 form for the customer must be provided.
A27: • Be sure to identify the customer or installation contractor receiving the incentive and where the check is to be sent.
A29: Application Steps:
... A44: • This Supplemental Program covers applications created on or after July 1st of the current year. Details of this Program, including incentive levels, are subject to change without prior notice. The application and all required documents must be provided as a complete package in one email to your NG Representative, otherwise it will be placed on hold.
A51: 1-855-236-7052 |energysavings@nationalgrid.com | www.ngrid.com/unybiz | K51: Rev 1 (9/26)
A53: Rev 1 | B53: Added Compressed Air Measures to program & incorporated both SMB and SHIFT incentives into 1 application.

Sheet App Cust Info
A2: ='App Instruct'!A2 -> Program Application
A3: ='App Instruct'!A3 -> Supplemental Measures Program | E3: ='App Instruct'!F3
A5: YELLOW CELLS REQUIRED FOR OTHER WORKSHEETS IN THIS EXCEL FILE TO CALCULATE PROPERLY.
A6: ALL FIELDS ON THIS PAGE ARE REQUIRED. SHADED CELLS MUST BE COMPLETED FOR INCENTIVES TO BE CALCULATED, AND ALL PAYEE INFORMATION MUST BE COMPLETE AND ACCURATE TO ENSURE CORRECT CHECK PROCESSING AND PREVENT ADDITIONAL COSTS AND DELAYS ASSOCIATED WITH CHECK CANCELLATION AND REISSUANCE.
A7: CUSTOMER/ACCOUNT HOLDER INFORMATION (Customer must submit a W-9 Form)
A8: CUSTOMER OF RECORD | E8: CONTACT PERSON | I8: APPLICATION DATE
A10: PHONE NUMBER | E10: EMAIL ADDRESS
A12: BUSINESS NAME (IF DIFFERENT THAN CUSTOMER OF RECORD) | E12: CUSTOMER FEDERAL TAX ID NUMBER | H12: SQUARE FEET (COVERED BY THIS APPLICATION)
A14: STREET ADDRESS | E14: CITY | H14: STATE | J14: ZIP
E15: =IFERROR(VLOOKUP(J15,Reference!$E$2:$I$2210,2,FALSE),"") | H15: NY
A16: MAILING ADDRESS (IF DIFFERENT) | E16: CITY | H16: STATE | J16: ZIP
A18: COMPANY TYPE: | E18: IS THE INSTALLATION SITE LOCATED IN A NYS DISADVANTAGED COMMUNITY (DAC): Select either yes or no
E19: FALSE | G19: FALSE | H19: To determine go to: | J19: Disadvantaged Communities | NYSERDA
A20: BUILDING TYPE (SELECT ONE) | E20: BUILDING HVAC SYSTEM (SELECT ONE) | I20: AIR HANDLING (SELECT ONE)
A22: NUBER OF OPERATING SHIFTS (SELECT ONE) | E22: HEATING SYSTEM FUEL SOURCE (SELECT ONE) | I22: COOLING SYSTEM FUEL SOURCE (SELECT ONE)
A24: EXISTING EFF. OF COMBINED COOLER (> 32˚ F) COMPRESSORS & CONDENSERS (kW/ton) (if unknown, leave blank and the default values from NYS TRM will be used) | G24: EXISTING EFF. OF COMBINED FREEZER (≤ 32˚ F) COMPRESSORS & CONDENSERS (kW/ton) (if unknown, leave blank and the default values from NYS TRM will be used)
A26: CUSTOMER OF RECORD - NATIONAL GRID ELEC ACCOUNT NO.: | E26: ANNUAL KWH USAGE: (REQUIRED) | H26: ANNUAL AVERAGE $/ kWh (SUPPLY) | J26: ANNUAL AVERAGE $/ kWh (DELIVERY)
A28: NATIONAL GRID ELECTRIC RATE (SELECT FROM LIST) | D28: =IF(AND(A29="SC2D",E29<=250),"Small","") | E28: AVERAGE BILLED DEMAND LAST 12 MONTHS | H28: ELIGIBLE FOR SMALL BUSINESS (≤250 kW or ≤50,000 therms)
H29: =IF(AND(A9="",J15="",D28=""),"",IF(OR(AND($A$29="SC3",D28<>"Small"),AND(A29="SC2D",D28<>"Small"),E31>50000),"No","Yes"))
A30: CUSTOMER OF RECORD - NATIONAL GRID NAT. GAS ACCOUNT NO.: | E30: ANNUAL THERM USAGE: | H30: ANNUAL AVERAGE $/ THERM
A32: INCENTIVE PAYMENT
A35: BUSINESS NAME | E35: CONTACT PERSON
A37: STREET ADDRESS | E37: CITY | H37: STATE | J37: ZIP
A39: PHONE | E39: EMAIL ADDRESS
A41: COMPANY TYPE | E41: FEDERAL TAX ID NUMBER (REQUIRED IF RECEIVING INCENTIVE)
A44: INSTALLATION CONTRACTOR/ PROJECT EXPEDITER INFORMATION
A45: INSTALLATION CONTRACTOR COMPANY | E45: CONTRACTOR CONTACT PERSON
A47: STREET ADDRESS | E47: CITY | H47: STATE | J47: ZIP
A49: PHONE | E49: EMAIL ADDRESS
A51: COMPANY TYPE | E51: FEDERAL TAX ID NUMBER (REQUIRED IF RECEIVING INCENTIVE)
A54: EQUIPMENT VENDOR INFORMATION
A55: EQUIPMENT VENDOR | E55: VENDOR CONTACT PERSON
A57: STREET ADDRESS | E57: CITY | H57: STATE | J57: ZIP
A59: PHONE | E59: EMAIL ADDRESS
A61: COMPANY TYPE | E61: FEDERAL TAX ID NUMBER (REQUIRED IF RECEIVING INCENTIVE)
A64: ADDITIONAL APPLICATION INFORMATION
A65: EXPECTED COMPLETION DATE OF PROJECT
A67: Enter total costs for each measure proposed on Supp Meas Worksheet
A68: * AN ACTUAL INVOICE ON COMPANY LETTERHEAD IS REQUIRED TO BE SUBMITTED TO NATIONAL GRID BEFORE FINAL PAYMENT OF INCENTIVE | H68: Total Project Cost | I68: ='Savings Summary'!K28+'Savings Summary'!K30 -> 0
A70: CUSTOMER ACCEPTANCE OF TERMS
A74: BY (AUTHORIZED SIGNATUIRE)
A76: PRINTED NAME
A78: TITLE
A80: COMPANY
A82: DATE
A100: 1-855-236-7052 |energysavings@nationalgrid.com | www.ngrid.com/unybiz | J100: ='App Instruct'!K51 -> Rev 1 (9/26)

Sheet Terms & Conditions
A2: ='App Instruct'!A2 -> Program Application
A3: ='App Instruct'!A3 -> Supplemental Measures Program | F3: ='App Instruct'!F3
A5: Subject to these terms and conditions ("Terms and Conditions"), under the Commercial & Industrial Gas Efficiency Program ("Program") Niagara Mohawk Power Corporation d/b/a National Grid (the "Company" or "National Grid") will pay incentives to eligible customers for the installation of Energy Efficiency Measures ("EEMs") described in the Program Materials (as defined below).
A6: 1. Incentives
A7: Subject to these terms and conditions (“Terms and Conditions”) of the Program, the Program Administrator will pay an Incentive to the Customer for the installation of EEM(s).
A8: 2. Definitions
A9: (a) “Customer” means the customer who has an account for service with the Program Administrator and who satisfies the Program eligibility requirements established by the Program Administrator under the Program Materials and these Terms and Conditions.
A10: (b) “EEM” means the energy efficiency measure(s) described in the Program Materials or other custom measures that may be approved by the Program Administrator.
A11: (c) “Facility” means the Customer’s premises or location served by the Program Administrator where EEM(s) will be installed.
A12: (d) “Incentive” means the payment(s) to be paid by the Program Administrator to the Customer for the installation of the EEM(s) pursuant to the Program and these Terms and Conditions.
A13: (e) “Program” means the Commercial and Industrial Electric Program as approved by the New York Public Service Commission and offered by the Program Administrator to Customers.
A14: (f) “Program Administrator” means Niagara Mohawk Power Corporation d/b/a/ National Grid.
A15: (g) “Program Materials” means the documents and information provided by the Program Administrator specifying the qualifying EEM(s), technology requirements, costs and other Program requirements, which include, without limitation, Program guidelines and requirements, application forms and approval letters.
A16: 3. Application Process and Requirement for Program Administrator Approval
... A66: (e) Sections 15, 16, 17, 18 and 20(b) shall survive the termination or expiration of the Customer’s participation in the Program.
A77: 1-800-787-1706 energysavings@nationalgrid.com | www.ngrid.com/business | K77: Rev 0 (7/1/26)

Sheet Extra Sheet For User Notes
A2: ='App Instruct'!$A$2 -> Program Application
A3: ='App Instruct'!A3 -> Supplemental Measures Program | F3: ='App Instruct'!F3
A5: Extra Sheet for Notes
A45: 1-855-236-7052 |energysavings@nationalgrid.com | www.ngrid.com/unybiz | J45: ='App Instruct'!K51 -> Rev 1 (9/26)

Sheet Supp Meas Worksheet
B2: Program Application
B3: ='App Instruct'!A3 -> Supplemental Measures Program | E3: ='App Instruct'!F3
B5: Customer: | C5: ='App Cust Info'!A9 -> 0 | E5: Region: | F5: =IFERROR(VLOOKUP('App Cust Info'!J15,Table504[],3,FALSE),"Albany") -> Albany | H5: Bldg HVAC: | I5: =IF('App Cust Info'!E21="","default",'App Cust Info'!E21) -> default | K5: Utility: | L5: =IFERROR(IF(F5="NYC","KEDLI/ KEDNY","NIMO"),"") -> NIMO | M5: =IF(AND('App Cust Info'!$A$27>0,'App Cust Info'!$A$31>0,'App Cust Info'!$E$23="Natural Gas",'App Cust Info'!$I$23="Electric",$L$5="NIMO"),"E & G",IF(AND('App Cust Info'!$A$27>0,'App Cust Info'!$A$31="",OR('App Cust Info'!$E$23="Electric",'App Cust Info'!$I$23="Electric")),"E",IF(AND('App Cust Info'!$A$27="",'App Cust Info'!$A$31>0,'App Cust Info'!$E$23="Natural Gas"),"G","**Enter Accnt Details on App Cust Info tab**"))) -> **Enter Accnt Details on App Cust Info tab**
B6: *All Yellow cells required to be completed | N6: EACH LINE ITEM SHOULD BE ENTERED AS A SEPARATE PRODUCT IN CE2.0
B8: Refrigeration and Controls Measures
B9: Electric Savings Measures | K9: Electric & Natural Gas Savings Measures
B13: HVAC and Controls Measures
B14: Electric & Natural Gas Measures
B18: Compressed Air Measures | K18: Domestic Hot Water Savings Measures
B19: Electric Savings Measures | K19: Electric & Natural Gas Savings Measures
B24: Table 1:
B25: Air Cooled Refrigeration Condenser | L25: Category: | M25: Refrigeration Systems and Controls
B26: Rack Temperature | C26: Number of Condensers | D26: Tons of Refrigeation per unit (nameplate of condenser) | F26: General Qualifications:
B27: ='Indirect Refrig Savings'!$B$3 -> Cooler (> 32˚F) | F27: • Existing compressor is assumed to have approach temperatures of 15°F for Freezer and 20°F for Cooler applications with a standard efficiency of 45 BTU/h of heat rejection capacity per watt of fan power. | L27: Incentive per Condenser
B28: ='Indirect Refrig Savings'!$B$4 -> Freezer (≤ 32˚F) | F28: • New Condenser shall have approach temperatures of 8°F or less for Freezer and 13°F or less for Cooler applications. Condenser efficiency shall be greater than or equal to 85 BTU/h of heat rejection capacity per watt of fan power. | L28: =IFERROR(INDEX(Reference!$S$2:$Z$22,MATCH('Supp Meas Worksheet'!B25,Reference!$R$2:$R$22,0),MATCH('Supp Meas Worksheet'!$E$3&'Supp Meas Worksheet'!$L$5&'Savings Summary'!$B$4,Reference!$S$1:$Z$1,0)),0) -> 0
B29: Material Cost
B30: Labor Cost
B32: Table 2:
B33: Automatic Door Closers for Walk-in Coolers or Freezers | L33: Category: | M33: Refrigeration Systems and Controls
B34: Walk-in Cooler Temperature | D34: Total Number of Automatic Door Closers | F34: General Qualifications:
B35: ='Indirect Refrig Savings'!$B$3 -> Cooler (> 32˚F) | F35: • Automatic door closers must be installed on walk-in coolers & freezer doors with no auto closers currently or strip curtains and door perimeter is ≥ 16 ft. | L35: Incentive per Door Closer
B36: ='Indirect Refrig Savings'!$B$4 -> Freezer (≤ 32˚F) | L36: =IFERROR(INDEX(Reference!$S$2:$Z$22,MATCH(B33,Reference!$R$2:$R$22,0),MATCH('Supp Meas Worksheet'!$E$3&$L$5&'Savings Summary'!$B$4,Reference!$S$1:$Z$1,0)),0) -> 0
B37: Material Cost
B38: Labor Cost
B40: Table 3:
B41: Installation of Doors on Existing Verticle Open Reach-in Display Case | L41: Category: | M41: Refrigeration Systems and Controls
B42: General Qualifications:
B43: • Adding doors on existing verticle reach-in cases can be either High Efficiency, which includes multiple layers of glass, low-conductivity filler gas, or low-emissivity glass coating to prevent condensation (no anti-condensation heater) or Standard (with anti-condensation heater in doors, frames, or within the glass)
B44: • If heated doors are installed Anti-Sweat Heater Controls are recommended to be utilized (further incentives would apply, see Table 3, Anti-Condensate Heater Controls)
B45: • refrigerated verticle reach-in cases are assumed to operate 8,760 hours per year.
B46: • If installation site heating and cooling system is supplied by National Grid, incentives for both electric and gas can be received.
B47: Case Temperature | D47: Proposed Door Type (select from list) | F47: Total Length of Display Case Opening (ft) | H47: =IF(D48="High Efficiency Door with NO anti-condensation heaters","High Efficiency Door",IF(D48="Standard Door with anti-condensation heaters","Standard Efficiency Door",""))
B48: ='Indirect Refrig Savings'!$B$3 -> Cooler (> 32˚F) | K48: Incentive per Linear Foot of Display Case
B49: ='Indirect Refrig Savings'!$B$4 -> Freezer (≤ 32˚F) | K49: =IFERROR(INDEX(Reference!$S$2:$Z$22,MATCH(B41&H47,Reference!$R$2:$R$22,0),MATCH('Supp Meas Worksheet'!$E$3&$L$5&'Savings Summary'!$B$4,Reference!$S$1:$Z$1,0)),0) -> 0
B50: Material Cost
B51: Labor Cost | H51: =IFERROR(IF(AND(RIGHT(H48,5)="E & G",'Savings Summary'!B4="DAC"),INDEX('Supp Meas Worksheet'!J49:J50,MATCH('Supp Meas Worksheet'!H47,'Supp Meas Worksheet'!H49:H50,0))+INDEX('Supp Meas Worksheet'!L49:L50,MATCH('Supp Meas Worksheet'!H47,'Supp Meas Worksheet'!H49:H50,0)),IF(AND(RIGHT(H48,5)="E & G",'Savings Summary'!B4<>"DAC"),INDEX('Supp Meas Worksheet'!I49:I50,MATCH('Supp Meas Worksheet'!H47,'Supp Meas Worksheet'!H49:H50,0))+INDEX('Supp Meas Worksheet'!K49:K50,MATCH('Supp Meas Worksheet'!H47,'Supp Meas Worksheet'!H49:H50,0)),INDEX(I49:N50,MATCH(H47,H49:H50,0),MATCH(H48,#REF!,0)))),0) -> 0
B53: Table 4:
B54: Evaporator Fan Motor Replacement - Permanent Magnet Synchronous Motor (PMSM) | L54: Category: | M54: Motors
B55: General Qualifications:
B56: • Only applicable on 1 for 1 replacement of single-phase Shaded Pole (SP), Permanent Split Capacitor (PSC), or Electronically Commutated Motors (ECM) in equipment currently in operation with equivalent speed and horsepower. Evaporator fan upgrades in Walk-in coolesrs/ freezers and refrigerated reach-in display cases are eligible.
B57: • Permanent Magnet Synchronous Motors (PMSM) can replace existing motors in equipment manufacturered before January 1, 2009. For equipment manufactured after January 1, 2009 the assumed motor to be replaced is an Electronically Commutated (EC) motor.
B58: • Customer can receive incentives for the motor upgrade to PMSM as well as evaporator fan controls.
B59: Location/Aisle/Case/Walk-in Product | C59: Refrig. Case or Walk-in (select from list) | D59: Case Temperature (select from list) | E59: Was the Case/Walk-in Manufactured on or after 01/01/2009 (Nameplate) (select from list) | G59: Existing Motor Type (select from list) | H59: Quantity of Motors | I59: Proposed Motor Rated Wattage | J59: Existing or Proposed Walk-in Control Type (select from list)
L61: Incentive per motor
L62: =IFERROR(INDEX(Reference!$S$2:$Z$22,MATCH(B54,Reference!$R$2:$R$22,0),MATCH('Supp Meas Worksheet'!$E$3&$L$5&'Savings Summary'!$B$4,Reference!$S$1:$Z$1,0)),0) -> 0
B66: Material Cost
B67: Labor Cost
B69: Table 5:
B70: Walk-in Refrigerator or Freezer Evaporator Fan Motor Controls | L70: Category: | M70: Refrigeration Systems and Controls
B71: General Qualifications:
B72: • Evaporator fan controls are not eligible on walk-in boxes with multiplex systems that do not have liquid line solenoid control.
B73: • Incentives for evaporator fan controls are based on motors operating 24/7 except for defrost periods.
B74: Location/Aisle/Case/Walk-in Product | C74: Case Temperature (select from list) | D74: Number of Motors Being Controlled | E74: Motor Type Being Controlled (select from list) | G74: Horsepower per Evaporator Fan (select from list) | H74: Control Type (select from list) | I74: Number of Evaporator Fan Controllers | J74: Refrigeration System COP
J75: =IF(AND(C75='Indirect Refrig Savings'!$B$3,'App Cust Info'!$A$25>0),'App Cust Info'!$A$25,IF(AND(C75='Indirect Refrig Savings'!$B$3,'App Cust Info'!$A$25=""),'Indirect Refrig Savings'!$J$3,IF(AND('Supp Meas Worksheet'!C75='Indirect Refrig Savings'!$B$4,'App Cust Info'!$G$25>0),'App Cust Info'!$G$25,IF(AND('Supp Meas Worksheet'!C75='Indirect Refrig Savings'!$B$4,'App Cust Info'!$G$25=""),'Indirect Refrig Savings'!$J$4,""))))
J76: =IF(AND(C76='Indirect Refrig Savings'!$B$3,'App Cust Info'!$A$25>0),'App Cust Info'!$A$25,IF(AND(C76='Indirect Refrig Savings'!$B$3,'App Cust Info'!$A$25=""),'Indirect Refrig Savings'!$J$3,IF(AND('Supp Meas Worksheet'!C76='Indirect Refrig Savings'!$B$4,'App Cust Info'!$G$25>0),'App Cust Info'!$G$25,IF(AND('Supp Meas Worksheet'!C76='Indirect Refrig Savings'!$B$4,'App Cust Info'!$G$25=""),'Indirect Refrig Savings'!$J$4,"")))) | L76: Incentive per motor
J77: =IF(AND(C77='Indirect Refrig Savings'!$B$3,'App Cust Info'!$A$25>0),'App Cust Info'!$A$25,IF(AND(C77='Indirect Refrig Savings'!$B$3,'App Cust Info'!$A$25=""),'Indirect Refrig Savings'!$J$3,IF(AND('Supp Meas Worksheet'!C77='Indirect Refrig Savings'!$B$4,'App Cust Info'!$G$25>0),'App Cust Info'!$G$25,IF(AND('Supp Meas Worksheet'!C77='Indirect Refrig Savings'!$B$4,'App Cust Info'!$G$25=""),'Indirect Refrig Savings'!$J$4,"")))) | L77: =IFERROR(INDEX(Reference!$S$2:$Z$22,MATCH(B70,Reference!$R$2:$R$22,0),MATCH('Supp Meas Worksheet'!$E$3&$L$5&'Savings Summary'!$B$4,Reference!$S$1:$Z$1,0)),0) -> 0
J78: =IF(AND(C78='Indirect Refrig Savings'!$B$3,'App Cust Info'!$A$25>0),'App Cust Info'!$A$25,IF(AND(C78='Indirect Refrig Savings'!$B$3,'App Cust Info'!$A$25=""),'Indirect Refrig Savings'!$J$3,IF(AND('Supp Meas Worksheet'!C78='Indirect Refrig Savings'!$B$4,'App Cust Info'!$G$25>0),'App Cust Info'!$G$25,IF(AND('Supp Meas Worksheet'!C78='Indirect Refrig Savings'!$B$4,'App Cust Info'!$G$25=""),'Indirect Refrig Savings'!$J$4,""))))
J79: =IF(AND(C79='Indirect Refrig Savings'!$B$3,'App Cust Info'!$A$25>0),'App Cust Info'!$A$25,IF(AND(C79='Indirect Refrig Savings'!$B$3,'App Cust Info'!$A$25=""),'Indirect Refrig Savings'!$J$3,IF(AND('Supp Meas Worksheet'!C79='Indirect Refrig Savings'!$B$4,'App Cust Info'!$G$25>0),'App Cust Info'!$G$25,IF(AND('Supp Meas Worksheet'!C79='Indirect Refrig Savings'!$B$4,'App Cust Info'!$G$25=""),'Indirect Refrig Savings'!$J$4,""))))
J80: =IF(AND(C80='Indirect Refrig Savings'!$B$3,'App Cust Info'!$A$25>0),'App Cust Info'!$A$25,IF(AND(C80='Indirect Refrig Savings'!$B$3,'App Cust Info'!$A$25=""),'Indirect Refrig Savings'!$J$3,IF(AND('Supp Meas Worksheet'!C80='Indirect Refrig Savings'!$B$4,'App Cust Info'!$G$25>0),'App Cust Info'!$G$25,IF(AND('Supp Meas Worksheet'!C80='Indirect Refrig Savings'!$B$4,'App Cust Info'!$G$25=""),'Indirect Refrig Savings'!$J$4,""))))
B81: Material Cost
B82: Labor Cost
B84: Table 6:
B85: Anti-Condensate Heater Controls for Walk-in and Reach-in Coolers and Freezers | L85: Category: | M85: Refrigeration Systems and Controls
B86: General Qualifications:
B87: • Door Heater run times shall be reduced based on feedback from door moisture sensors or dew point based on indoor air temperature and humidity sensors. | L87: Incentive per Controlled Door
B88: • Either On/Off Controls or Pulse-Width Modulation (PWM) controls are eligible for incentives installed on heated case doors that had no temperature/humidity sensing controls. | L88: =IFERROR(INDEX(Reference!$S$2:$Z$22,MATCH(B85,Reference!$R$2:$R$22,0),MATCH('Supp Meas Worksheet'!$E$3&$L$5&'Savings Summary'!$B$4,Reference!$S$1:$Z$1,0)),0) -> 0
B89: • Incentive available for retrofit applications only.
B91: Location/Aisle/Case Product | C91: Number of Cases | D91: Case Temperature (select from list) | E91: Number of Doors per case | F91: Sq. Ft. of one door | G91: Anti Condensate Heater Watts per case (Nameplate) If unknown, leave blank | I91: Anti Condensate Heater Phase (Nameplate) (select from list) If unknown, leave blank | K91: Anti Condensate Heater Volts (Nameplate) If unknown, leave blank | L91: Anti Condensate Heater Amps per case (Nameplate) If unknown, leave blank | N91: Door Heater Control Type (select from list)
B98: Material Cost
B99: Labor Cost
B101: Table 7:
B102: Floating Head Pressure Control | L102: Category: | M102: Refrigeration Systems and Controls
B103: Rack Temperature | C103: Total Controlled Refrigeration Compressor Horse Power | E103: Condenser Type select from list | F103: General Qualifications:
B104: ='Indirect Refrig Savings'!$B$3 -> Cooler (> 32˚F) | F104: • Controls shall be installed on existing multiplex refrigeration system (operating in parallel) without floating head pressure controls. | L104: Incentive per Controlled HP
B105: ='Indirect Refrig Savings'!$B$4 -> Freezer (≤ 32˚F) | F105: • Existing compressor is assumed to have a fixed head pressure typically set for approximately 95°F saturated condensing temperature, or approximately 82°F ambient temperature. | L105: =IFERROR(INDEX(Reference!$S$2:$Z$22,MATCH(B102,Reference!$R$2:$R$22,0),MATCH('Supp Meas Worksheet'!$E$3&$L$5&'Savings Summary'!$B$4,Reference!$S$1:$Z$1,0)),0) -> 0
B106: Material Cost | F106: • Floating head pressure control shall allow the head pressure to vary based on outdoor ambient temperatures and have a minimum saturated condensing temperature of less than or equal to 70°F.
B107: Labor Cost
B109: Table 8:
B110: Advanced Rooftop Unit Control | L110: Category: | M110: HVAC Systems and Controls
B111: Number of RTU's to be Controlled | C111: Capacity of each RTU (Tons) | D111: Output Capacity of RTU furnace (kBTU/h) | E111: Control Scenario select from list | G111: General Qualifications:
G112: • Controls shall be installed on existing single-zone, constant volume, rooftop HVAC unit with a single speed supply fan and functioning economizer with no occupancy-based ventilation controls.
G113: • Advanced RTU controls consist of integrated demand-controlled ventilation (DCV) and two- or three-speed supply fan control via VFD. | L113: Incentive per RTU
G114: • Incentive is based on the heating system fuel source. | L114: =IFERROR(INDEX(Reference!$S$2:$Z$22,MATCH(B110,Reference!$R$2:$R$22,0),MATCH('Supp Meas Worksheet'!$E$3&$L$5&'Savings Summary'!$B$4,Reference!$S$1:$Z$1,0)),0) -> 0
B116: Material Cost
B117: Labor Cost
B119: Table 9:
B120: Demand Control Ventilation | L120: Category: | M120: HVAC Systems and Controls
B121: Total Area of Conditioned Space (Sq. Ft.) | F121: General Qualifications:
F122: • Demand Control Ventilation controls shall be installed on existing HVAC system with fossil fuel heating that previously had to demand control ventilation system or ventilation heat recover. | L122: Incentive per Sq. Ft.
F123: • Demand control ventilation system must be added to return air system to reduce outdoor air intake based on occupancy of spaces using a CO2 sensor. | L123: =IFERROR(INDEX(Reference!$S$2:$Z$22,MATCH(B120,Reference!$R$2:$R$22,0),MATCH('Supp Meas Worksheet'!$E$3&$L$5&'Savings Summary'!$B$4,Reference!$S$1:$Z$1,0)),0) -> 0
F124: • Incentive is based on the heating system fuel source. Not applicable for heat pump applications at this time.
B125: Material Cost
B126: Labor Cost
B128: Table 10:
B129: Kitchen Hood Demand Control Ventilation | L129: Category: | M129: Appliance, Plug Load, and Food Service Equipment
B130: Number of Exhaust Fans being Controlled | D130: Horsepower per Exhaust Fan | F130: General Qualifications:
F131: • Demand Control Ventilation controls shall be installed on existing kitchen ventilation systems operating at constant speed with manual on/off control that previously had no demand control ventilation system. | L131: Incentive per HP
F132: • Demand control ventilation system must include temperature sensors and/ or optic sensors installed in the kitchen exhaust hood or hood exhaust collar and connect to a controller to vary the kitchen exhaust airflow and make-up air volume via a VFD on the exhaust motor. | L132: =IFERROR(INDEX(Reference!$S$2:$Z$22,MATCH(B129,Reference!$R$2:$R$22,0),MATCH('Supp Meas Worksheet'!$E$3&$L$5&'Savings Summary'!$B$4,Reference!$S$1:$Z$1,0)),0) -> 0
F133: • Incentive is based on the heating system fuel source. Not applicable for heat pump applications at this time.
B134: Material Cost
...

Sheet Comp Air Measures
A2: ='App Instruct'!A2 -> Program Application
A3: ='App Instruct'!A3 -> Supplemental Measures Program | D3: ='App Instruct'!F3
A5: Compressed Air System Details
A6: General Qualifications: | G6: Default Annual Hours of Operation based on No. of Shifts | H6: =IFERROR(VLOOKUP('App Cust Info'!$A$23,Shift_Hrs,2,FALSE),"")
A7: • Only Provide details for air compressors in operation, no back-up compressors should be included in savings calculations.
A8: System Details | D8: Compressor #1 | E8: Compressor #2 | F8: Compressor #3 | G8: Compressor #4 | H8: Compressor #5
A9: Manufacturer and Model Number
A10: Type of Air Compressor (select from list)
A11: Age
A12: Rated Horse Power
A13: Control Type (select from list)
A14: Compressor Motor Efficiency (decimal)
A15: Operating Pressure (PSIG)
A16: Annual Hours of Operation (if unknown, leave blank)
A18: Table 16:
A19: Air Compressor Replacement | G19: Category: | H19: Compressed Air Systems and Controls
A20: General Qualifications:
A21: • Replacement of existing oil flooded, rotary screw air compressor with new variable speed drive compressor. Applicable for single unit replacement only.
A22: • Sizing of replacement compressor must be no larger than unit being replaced. Exception, would be replacement with VSD compressor, in which case HP can be one size larger than HP of unit being replaced. | G22: Air Compressor ≥15 - 500 HP Incentive per HP
A23: • A flow controller must be used to maintain 5-10psi pressure difference between receiver and distribution system. | G23: =IFERROR(INDEX(Reference!$S$2:$Z$22,MATCH(A19,Reference!$R$2:$R$22,0),MATCH('Supp Meas Worksheet'!$E$3&'Supp Meas Worksheet'!$L$5&'Savings Summary'!$B$4,Reference!$S$1:$Z$1,0)),0) -> 0
A24: • New variable speed drive air compressor must include a properly sized air receiver.
A25: • Replacement of lead-lag air compressors or other types not listed may be eligible for incentives through the custom program. Use this application to enter system details for custom review.
A26: Compressor Being Replaced (select from list) | D26: Existing Compressor Horse Power | E26: Annual Hours of Compressor Operation | F26: Proposed Compressor Model # | H26: Proposed Compressor Horse Power | I26: Calculated Incentive
D27: =IFERROR(INDEX($D$12:$H$12,MATCH(A27,$D$8:$H$8,0)),"") | E27: =IFERROR(IF(INDEX($D$16:$H$16,MATCH(A27,$D$8:$H$8,0))>0,INDEX($D$16:$H$16,MATCH(A27,$D$8:$H$8,0)),$H$6),"") | I27: =IF(AND(H27>=15,H27<500),H27*G23,0) -> 0
D28: =IFERROR(INDEX($D$12:$H$12,MATCH(A28,$D$8:$H$8,0)),"") | E28: =IFERROR(IF(INDEX($D$16:$H$16,MATCH(A28,$D$8:$H$8,0))>0,INDEX($D$16:$H$16,MATCH(A28,$D$8:$H$8,0)),$H$6),"") | I28: =IF(AND(H28>=15,H28<500),H28*G24,0) -> 0
D29: =IFERROR(INDEX($D$12:$H$12,MATCH(A29,$D$8:$H$8,0)),"") | E29: =IFERROR(IF(INDEX($D$16:$H$16,MATCH(A29,$D$8:$H$8,0))>0,INDEX($D$16:$H$16,MATCH(A29,$D$8:$H$8,0)),$H$6),"") | I29: =IF(AND(H29>=15,H29<500),H29*G25,0) -> 0
D30: =IFERROR(INDEX($D$12:$H$12,MATCH(A30,$D$8:$H$8,0)),"") | E30: =IFERROR(IF(INDEX($D$16:$H$16,MATCH(A30,$D$8:$H$8,0))>0,INDEX($D$16:$H$16,MATCH(A30,$D$8:$H$8,0)),$H$6),"") | I30: =IF(AND(H30>=15,H30<500),H30*G26,0) -> 0
D31: =IFERROR(INDEX($D$12:$H$12,MATCH(A31,$D$8:$H$8,0)),"") | E31: =IFERROR(IF(INDEX($D$16:$H$16,MATCH(A31,$D$8:$H$8,0))>0,INDEX($D$16:$H$16,MATCH(A31,$D$8:$H$8,0)),$H$6),"") | I31: =IF(AND(H31>=15,H31<500),H31*G27,0) -> 0
G32: Material Cost
G33: Labor Cost
A35: Table 17:
A36: Compressed Air Flow Controller | G36: Category: | H36: Compressed Air Systems and Controls
A37: General Qualifications:
A38: • Flow controller must be installed on existing compressed air system with a total capacity greater than or equal to 50 hp without a pressure/flow controller. | G38: Incentive per HP
A39: • Flow controller must be installed between the compressed air dry storage tank and the end use distribution system. | G39: =IFERROR(INDEX(Reference!$S$2:$Z$22,MATCH(A36,Reference!$R$2:$R$22,0),MATCH('Supp Meas Worksheet'!$E$3&'Supp Meas Worksheet'!$L$5&'Savings Summary'!$B$4,Reference!$S$1:$Z$1,0)),0) -> 0
A40: • Each line item represents a flow controller and the compressors impacting the system.
A41: Compressor Connected to Flow Controller (select from list) | D41: Compressor Connected to Flow Controller (select from list) | E41: Compressor Connected to Flow Controller (select from list) | F41: Compressor Connected to Flow Controller (select from list) | G41: Load Factor of Compressed Air System if unknown, leave blank | H41: Average Pre- & Post-Treatment Measured System Pressure Differential (psi) | I41: Total HP Connected to Flow Controller(s)
I42: =IFERROR(INDEX($D$12:$H$12,MATCH(A42,$D$8:$H$8,0)),0)+IFERROR(INDEX($D$12:$H$12,MATCH(D42,$D$8:$H$8,0)),0)+IFERROR(INDEX($D$12:$H$12,MATCH(E42,$D$8:$H$8,0)),0)+IFERROR(INDEX($D$12:$H$12,MATCH(F42,$D$8:$H$8,0)),0) -> 0
I43: =IFERROR(INDEX($D$12:$H$12,MATCH(A43,$D$8:$H$8,0)),0)+IFERROR(INDEX($D$12:$H$12,MATCH(D43,$D$8:$H$8,0)),0)+IFERROR(INDEX($D$12:$H$12,MATCH(E43,$D$8:$H$8,0)),0)+IFERROR(INDEX($D$12:$H$12,MATCH(F43,$D$8:$H$8,0)),0) -> 0
I44: =IFERROR(INDEX($D$12:$H$12,MATCH(A44,$D$8:$H$8,0)),0)+IFERROR(INDEX($D$12:$H$12,MATCH(D44,$D$8:$H$8,0)),0)+IFERROR(INDEX($D$12:$H$12,MATCH(E44,$D$8:$H$8,0)),0)+IFERROR(INDEX($D$12:$H$12,MATCH(F44,$D$8:$H$8,0)),0) -> 0
I45: =IFERROR(INDEX($D$12:$H$12,MATCH(A45,$D$8:$H$8,0)),0)+IFERROR(INDEX($D$12:$H$12,MATCH(D45,$D$8:$H$8,0)),0)+IFERROR(INDEX($D$12:$H$12,MATCH(E45,$D$8:$H$8,0)),0)+IFERROR(INDEX($D$12:$H$12,MATCH(F45,$D$8:$H$8,0)),0) -> 0
I46: =IFERROR(INDEX($D$12:$H$12,MATCH(A46,$D$8:$H$8,0)),0)+IFERROR(INDEX($D$12:$H$12,MATCH(D46,$D$8:$H$8,0)),0)+IFERROR(INDEX($D$12:$H$12,MATCH(E46,$D$8:$H$8,0)),0)+IFERROR(INDEX($D$12:$H$12,MATCH(F46,$D$8:$H$8,0)),0) -> 0
G47: Material Cost
G48: Labor Cost
A50: Table 18:
A51: Refrigerated Compressed Air Dryer | G51: Category: | H51: Compressed Air Systems and Controls
A52: General Qualifications:
A53: • Incentive applicable for replacement of existing non-cycling air dryer on existing compressed air system with new cycling or VFD-controlled refrigerated air dryer. | G53: Incentive per CFM
A54: • Replacement of cycling compressed air dryers on multiple compressor systems may be eligible for incentives through the custom program. Use this application to enter system details for custom review. | G54: =IFERROR(INDEX(Reference!$S$2:$Z$22,MATCH(A51,Reference!$R$2:$R$22,0),MATCH('Supp Meas Worksheet'!$E$3&'Supp Meas Worksheet'!$L$5&'Savings Summary'!$B$4,Reference!$S$1:$Z$1,0)),0) -> 0
A55: • Applicable for single compressor systems only.
A56: Number of Dryers to be Installed | D56: Annual Hours of Operation of Dryer | F56: Air Dryer Full Flow Capacity (CFM) | H56: Does Dryer Operate During Peak Hours (Summer Weekday 4-5pm)
G58: Material Cost
G59: Labor Cost
A61: Table 19:
A62: Compressed Air Low Pressure Drop Filter | G62: Category: | H62: Compressed Air Systems and Controls
A63: General Qualifications:
A64: • Compressors listed should distribute air through filter(s) being installed. Back-up compressors should not be included. | G64: Incentive per HP
A65: • For replacement of existing standard coalescing filter(s) with new low pressure drop filter(s). | G65: =IFERROR(INDEX(Reference!$S$2:$Z$22,MATCH(A62,Reference!$R$2:$R$22,0),MATCH('Supp Meas Worksheet'!$E$3&'Supp Meas Worksheet'!$L$5&'Savings Summary'!$B$4,Reference!$S$1:$Z$1,0)),0) -> 0
A66: • Initial pressure differential of clean and dry filter must be < 1 psid.
A67: Number of Filter(s) installed | B67: Compressor connected to filter(s) (select from list) | D67: Compressor connected to filter(s) (select from list) | E67: Compressor connected to filter(s) (select from list) | F67: Compressor connected to filter(s) (select from list) | G67: Load Factor of Compressed Air System if unknown, leave blank | H67: Reduction in Pressure Drop Across Each Filter if unknown, leave blank | I67: Total HP Connected to Flow Controller(s)
I68: =IFERROR(INDEX($D$12:$H$12,MATCH(B68,$D$8:$H$8,0)),0)+IFERROR(INDEX($D$12:$H$12,MATCH(D68,$D$8:$H$8,0)),0)+IFERROR(INDEX($D$12:$H$12,MATCH(E68,$D$8:$H$8,0)),0)+IFERROR(INDEX($D$12:$H$12,MATCH(F68,$D$8:$H$8,0)),0) -> 0
I69: =IFERROR(INDEX($D$12:$H$12,MATCH(B69,$D$8:$H$8,0)),0)+IFERROR(INDEX($D$12:$H$12,MATCH(D69,$D$8:$H$8,0)),0)+IFERROR(INDEX($D$12:$H$12,MATCH(E69,$D$8:$H$8,0)),0)+IFERROR(INDEX($D$12:$H$12,MATCH(F69,$D$8:$H$8,0)),0) -> 0
I70: =IFERROR(INDEX($D$12:$H$12,MATCH(B70,$D$8:$H$8,0)),0)+IFERROR(INDEX($D$12:$H$12,MATCH(D70,$D$8:$H$8,0)),0)+IFERROR(INDEX($D$12:$H$12,MATCH(E70,$D$8:$H$8,0)),0)+IFERROR(INDEX($D$12:$H$12,MATCH(F70,$D$8:$H$8,0)),0) -> 0
G71: Material Cost
G72: Labor Cost
A74: Table 20:
A75: Compressed Air Zero Loss Condensate Drain | G75: Category: | H75: Compressed Air Systems and Controls
A76: General Qualifications:
A77: • Applicable for installation of new no air loss condensate/water drain on existing compressed air system replacing electric solenoid and timed drain. | G77: Incentive per Drain
A78: • zero loss condensate drain must remove liquid only without venting compressed air. | G78: =IFERROR(INDEX(Reference!$S$2:$Z$22,MATCH(A75,Reference!$R$2:$R$22,0),MATCH('Supp Meas Worksheet'!$E$3&'Supp Meas Worksheet'!$L$5&'Savings Summary'!$B$4,Reference!$S$1:$Z$1,0)),0) -> 0
A80: Number of Zero loss Condesate Drains to be Installed | C80: Compressor Connected to Flow Controller (select from list) | E80: Air Compressor Type | F80: Full Flow Rated Capacity of Drain (CFM) if unknown, leave blank | G80: Annual Hours of Compressor Operation | H80: Does System Operate During Peak Hours (Summer Weekday 4-5pm)
E81: =IFERROR(INDEX($D$10:$H$10,MATCH(C81,$D$8:$H$8,0)),"") | G81: =IFERROR(IF(INDEX($D$16:$H$16,MATCH(C81,$D$8:$H$8,0))>0,INDEX($D$16:$H$16,MATCH(C81,$D$8:$H$8,0)),$H$6),"")
E82: =IFERROR(INDEX($D$10:$H$10,MATCH(C82,$D$8:$H$8,0)),"") | G82: =IFERROR(IF(INDEX($D$16:$H$16,MATCH(C82,$D$8:$H$8,0))>0,INDEX($D$16:$H$16,MATCH(C82,$D$8:$H$8,0)),$H$6),"")
E83: =IFERROR(INDEX($D$10:$H$10,MATCH(C83,$D$8:$H$8,0)),"") | G83: =IFERROR(IF(INDEX($D$16:$H$16,MATCH(C83,$D$8:$H$8,0))>0,INDEX($D$16:$H$16,MATCH(C83,$D$8:$H$8,0)),$H$6),"")
E84: =IFERROR(INDEX($D$10:$H$10,MATCH(C84,$D$8:$H$8,0)),"") | G84: =IFERROR(IF(INDEX($D$16:$H$16,MATCH(C84,$D$8:$H$8,0))>0,INDEX($D$16:$H$16,MATCH(C84,$D$8:$H$8,0)),$H$6),"")
G85: Material Cost
G86: Labor Cost
A90: 1-800-787-1706 energysavings@nationalgrid.com | www.ngrid.com/business | H90: Rev 0 (7/1/26)

Sheet Custom Worksheet
B2: ='App Instruct'!A2 -> Program Application
B3: ='App Instruct'!A3 -> Supplemental Measures Program | D3: ='App Cust Info'!E3
B5: Customer: | C5: ='App Cust Info'!A9 -> 0
B6: *All Yellow cells required to be completed
D8: Incentives based on energy savings of project
D9: kWh | F9: Therms
D10: =IFERROR(IF('Supp Meas Worksheet'!M5<>"G",Reference!AC2,0),0) -> 0.2 | F10: =IFERROR(IF('Supp Meas Worksheet'!M5<>"E",INDEX(Reference!$AC$2:$AN$2,MATCH('Supp Meas Worksheet'!$E$3&'Savings Summary'!$B$4&'Supp Meas Worksheet'!$L$5&'Supp Meas Worksheet'!$M$5,Reference!$AC$1:$AN$1,0)),0),0) -> 0
B13: PROPOSED EQUIPMENT SPECIFICATION (FACILITY DETAIL) | G13: Category/ Product: | H13: =IFERROR(IF(AND(C15="Refrigeration",'App Cust Info'!A21="Refrigerated Warehouse"),"Custom Projects/Industrial Refrigeration - Custom",VLOOKUP($C$15,CustCat,2,FALSE)),"")
B14: DESCRIPTION OF PROJECT
B15: Type of Custom Project (select from list)
B23: EXISTING SYSTEM DESCRIPTION (include equipment size, age, and operating parameters)
B31: PROPOSED SYSTEM - MEASURE DESCRIPTION (include equipment size and operating parameters)
B39: Manufacturer Incentives, Manufacturer Discounts, Taxes, and/or Salvage Values (If applicable)
B42: Table 1: Electric and Demand Reduction | F42: Table 2: Cost Estimates
B43: Please provide the estimated Demand (kW) Reduction that occurs during the time period listed below and the estimated Annual kWh savings: | F43: Please provide backup documentation for all material and labor costs, broken down by major pieces of equipment and project components. Sales tax may not be included. Adjust for salvage/resale value of equipment being replaced. Enter summarized costs in the table below.
B44: TIME PERIOD | C44: AVERAGE REDUCTION | F44: COST CATEGORY | G44: COST ($)
B45: June 4 pm- 5pm | D45: kW | F45: Estimated Material Cost
B46: July 4 pm - 5pm | D46: kW | F46: Estimated Labor Cost
B47: August 4pm - 5pm | D47: kW | F47: Estimated Total Cost | G47: =G45+G46 -> 0
B48: Annual kWh Savings | D48: kWh
B50: Table 3: Non-Electric Benefits
B51: Installing the proposed measure may result in significant savings or possibly increased costs for the owner beyond electric savings. Examples include water, sewer, fossil fuel and labor costs. These costs are to be assessed and quantified in the support documentation. These effects are to be combined and reported in the categories laid out in Table 3.
B55: Natural Gas - Space Heating | D55: Therms
B56: Natural Gas - Non Heating | D56: Therms
B57: Oil | D57: Gallons
B58: Propane | D58: Gallons
B59: Water | D59: Gallons
B60: Waste Water (Sewer) | D60: Gallons
B61: O&M ($/yr) (Labor & Materials)
B62: Site Environmental
D63: MMBTu | E63: * Other

Sheet Savings Summary
B2: ='App Instruct'!A3&" Savings Summary" -> Supplemental Measures Program Savings Summary | G2: ='App Instruct'!F3
B3: ='App Cust Info'!A9 -> 0 | K3: Total Estimated Incentive: | L3: =SUM(K27,K29) -> 0
B4: =IF('App Cust Info'!E19=TRUE,"DAC","") | L4: Program Cost % | M4: =IFERROR(IF('Savings Summary'!B4="DAC",INDEX(Table17[DAC Incentive Cap],MATCH('Supp Meas Worksheet'!$L$5&'Supp Meas Worksheet'!$E$3,Table17[OPCO],0)),IF('Savings Summary'!B4<>"DAC",INDEX(Table17[MR Incentive Cap],MATCH('Supp Meas Worksheet'!$L$5&'Supp Meas Worksheet'!$E$3,Table17[OPCO],0)),0)),"")
G5: {=INDEX(PrescriptiveCap,MATCH('Supp Meas Worksheet'!L5&'Supp Meas Worksheet'!E3,Table1720[OPCO],0))} -> #N/A
B6: Refrigeration & Controls Prescriptive Measures | G6: Calculated Incentives | I6: Compressed Air Prescriptive Measures | M6: Calculated Incentives
B7: 1 | C7: ='Supp Meas Worksheet'!B33 -> Automatic Door Closers for Walk-in Coolers or Freezers | G7: =IF(AND(SUM('Supp Meas Worksheet'!D35:E36)>0,SUM('Supp Meas Worksheet'!D37:E38)>0,'Supp Meas Worksheet'!M5<>"G"),SUM('Supp Meas Worksheet'!D35:E36)*'Supp Meas Worksheet'!L36,0) -> 0 | I7: 14 | J7: ='Comp Air Measures'!A19 -> Air Compressor Replacement | M7: =IF(AND(SUM('Comp Air Measures'!H27:H31)>0,SUM('Comp Air Measures'!H32:H33)>0,'Supp Meas Worksheet'!M5<>"G"),SUM('Comp Air Measures'!I27:I31),0) -> 0
B8: 2 | C8: ='Supp Meas Worksheet'!B25 -> Air Cooled Refrigeration Condenser | G8: =IF(AND(SUM('Supp Meas Worksheet'!C27:C28)>0,SUM('Supp Meas Worksheet'!D29:E30)>0,'Supp Meas Worksheet'!M5<>"G"),SUM('Supp Meas Worksheet'!C27:C28)*'Supp Meas Worksheet'!L28,0) -> 0 | I8: 15 | J8: ='Comp Air Measures'!A36 -> Compressed Air Flow Controller | M8: =IF(AND(SUM('Comp Air Measures'!I42:I46)>0,SUM('Comp Air Measures'!H47:H48)>0,'Supp Meas Worksheet'!M5<>"G"),SUM('Comp Air Measures'!I42:I46)*'Comp Air Measures'!G39,0) -> 0
B9: 3 | C9: ='Supp Meas Worksheet'!B41 -> Installation of Doors on Existing Verticle Open Reach-in Display Case | G9: =IF(AND(SUM('Supp Meas Worksheet'!F48:G49)>0,SUM('Supp Meas Worksheet'!D50:G51)>0),SUM('Supp Meas Worksheet'!F48:G49)*'Supp Meas Worksheet'!K49,0) -> 0 | I9: 16 | J9: ='Comp Air Measures'!A51 -> Refrigerated Compressed Air Dryer | M9: =IF(AND(SUM('Comp Air Measures'!A57:C57)>0,SUM('Comp Air Measures'!H58:H59)>0,'Supp Meas Worksheet'!M5<>"G"),'Comp Air Measures'!F57*'Comp Air Measures'!G54,0) -> 0
B10: 4 | C10: ='Supp Meas Worksheet'!B54 -> Evaporator Fan Motor Replacement - Permanent Magnet Synchronous Motor (PMSM) | G10: =IF(AND(SUM('Supp Meas Worksheet'!H60:H65)>0,SUM('Supp Meas Worksheet'!D66:E67)>0,'Supp Meas Worksheet'!M5<>"G"),SUM('Supp Meas Worksheet'!H60:H65)*'Supp Meas Worksheet'!L62,0) -> 0 | I10: 17 | J10: ='Comp Air Measures'!A62 -> Compressed Air Low Pressure Drop Filter | M10: =IF(AND(SUM('Comp Air Measures'!A68:A70)>0,SUM('Comp Air Measures'!H71:H72)>0,'Supp Meas Worksheet'!M5<>"G"),SUM('Comp Air Measures'!A68:A70)*'Comp Air Measures'!G65,0) -> 0
B11: 5 | C11: ='Supp Meas Worksheet'!B70 -> Walk-in Refrigerator or Freezer Evaporator Fan Motor Controls | G11: =IF(AND(SUM('Supp Meas Worksheet'!D75:D80)>0,SUM('Supp Meas Worksheet'!D81:E82)>0,'Supp Meas Worksheet'!M5<>"G"),SUM('Supp Meas Worksheet'!D75:D80)*'Supp Meas Worksheet'!L77,0) -> 0 | I11: 18 | J11: ='Comp Air Measures'!A75 -> Compressed Air Zero Loss Condensate Drain | M11: =IF(AND(SUM('Comp Air Measures'!A81:B84)>0,SUM('Comp Air Measures'!H85:H86)>0,'Supp Meas Worksheet'!M5<>"G"),SUM('Comp Air Measures'!A81:B84)*'Comp Air Measures'!G78,0) -> 0
B12: 6 | C12: ='Supp Meas Worksheet'!B85 -> Anti-Condensate Heater Controls for Walk-in and Reach-in Coolers and Freezers | G12: =IF(AND(SUM('Table 6-ACHC'!F5:F10)>0,SUM('Supp Meas Worksheet'!D98:E99)>0,'Supp Meas Worksheet'!M5<>"G"),SUM('Table 6-ACHC'!F5:F10)*'Supp Meas Worksheet'!L88,0) -> 0 | I12: Totals | M12: =SUM(M7:M11) -> 0
B13: 7 | C13: ='Supp Meas Worksheet'!B102 -> Floating Head Pressure Control | G13: =IF(AND(SUM('Supp Meas Worksheet'!C104:D105)>0,SUM('Supp Meas Worksheet'!D106:E107)>0,'Supp Meas Worksheet'!M5<>"G"),SUM('Supp Meas Worksheet'!C104:D105)*'Supp Meas Worksheet'!L105,0) -> 0
B14: Totals | G14: =SUM(G7:G13) -> 0
M15: {=INDEX(CustomCap,MATCH('Supp Meas Worksheet'!L5&'Supp Meas Worksheet'!E3,Table1720[OPCO],0))} -> #N/A
B16: HVAC & Controls Prescriptive Measures | G16: Calculated Incentives | I16: Custom | J16: kWh Savings | K16: kW Savings | L16: Therm Savings | M16: Calculated Incentives
B17: 8 | C17: ='Supp Meas Worksheet'!B110 -> Advanced Rooftop Unit Control | G17: =IFERROR(IF(AND(SUM('Supp Meas Worksheet'!B112:B115)>0,SUM('Supp Meas Worksheet'!D116:F117)>0),SUM('Supp Meas Worksheet'!B112:B115)*'Supp Meas Worksheet'!L114,0),"Custom $") -> 0 | I17: ='Custom Worksheet'!C15 -> 0 | J17: ='Custom Worksheet'!C48 -> 0 | K17: =IFERROR(AVERAGE('Custom Worksheet'!C45:C47),0) -> 0 | L17: =IF('Custom Worksheet'!C55>0,'Custom Worksheet'!C55,'Custom Worksheet'!C56) -> 0 | M17: =IF(AND('Supp Meas Worksheet'!$M$5<>"G",'Savings Summary'!$B$4="DAC",'Custom Worksheet'!G47>0),J17*'Custom Worksheet'!$D$10,IF(AND('Supp Meas Worksheet'!$M$5<>"G",'Savings Summary'!$B$4<>"DAC",'Custom Worksheet'!G47>0),$J$17*'Custom Worksheet'!$D$10,IF(AND('Supp Meas Worksheet'!$M$5="G",'Savings Summary'!$B$4="DAC",'Supp Meas Worksheet'!$L$5="NIMO",'Custom Worksheet'!G47>0),'Savings Summary'!$L$17*'Custom Worksheet'!$F$10,IF(AND('Supp Meas Worksheet'!$M$5<>"G",'Savings Summary'!$B$4<>"DAC",'Supp Meas Worksheet'!$L$5="NIMO",'Custom Worksheet'!G47>0),$J$17*'Custom Worksheet'!$D$10,IF(AND('Supp Meas Worksheet'!$M$5="G",'Savings Summary'!$B$4="DAC",'Supp Meas Worksheet'!$L$5="KEDLI/ KEDNY",'Custom Worksheet'!G47>0),'Savings Summary'!$L$17*'Custom Worksheet'!$F$10,IF(AND('Supp Meas Worksheet'!$M$5<>"G",'Savings Summary'!$B$4<>"DAC",'Supp Meas Worksheet'!$L$5="KEDLI/ KEDNY",'Custom Worksheet'!G47>0),$J$17*'Custom Worksheet'!$D$10,0)))))) -> 0
B18: 9 | C18: ='Supp Meas Worksheet'!B120 -> Demand Control Ventilation | G18: =IFERROR(IF(AND(SUM('Supp Meas Worksheet'!B122:E124)>0,SUM('Supp Meas Worksheet'!D125:E126)>0),SUM('Supp Meas Worksheet'!B122:E124)*'Supp Meas Worksheet'!L123,0),"Custom $") -> 0 | I18: Totals | J18: =SUM(J17) -> 0 | K18: =SUM(K17) -> 0 | L18: =SUM(L17) -> 0 | M18: =SUM(M17) -> 0
B19: 10 | C19: ='Supp Meas Worksheet'!B129 -> Kitchen Hood Demand Control Ventilation | G19: =IF(AND(SUM('Supp Meas Worksheet'!D131:E133)>0,SUM('Supp Meas Worksheet'!D134:E135)>0),SUM('Supp Meas Worksheet'!D131:E133)*'Supp Meas Worksheet'!L132,0) -> 0 | I19: =IF(AND(M17>0,OR(J17>0,L17>0,)),"","**Enter Custom Project Details on Custom Tab**") -> **Enter Custom Project Details on Custom Tab**
B20: 11 | C20: ='Supp Meas Worksheet'!B138 -> Energy Recovery Ventilator (Sensible & Latent Heat) | G20: =IFERROR(IF(AND(SUM('Supp Meas Worksheet'!B164:B168)>0,SUM('Supp Meas Worksheet'!D169:E170)>0),SUM('Supp Meas Worksheet'!F164:F168)*'Supp Meas Worksheet'!L159,0),"Custom $") -> 0
B21: 12 | C21: ='Supp Meas Worksheet'!B156 -> Heat Recovery Ventilator (Sensible Heat) | G21: =IFERROR(IF(AND(SUM('Supp Meas Worksheet'!B165:B169)>0,SUM('Supp Meas Worksheet'!D170:E171)>0),SUM('Supp Meas Worksheet'!F165:F169)*'Supp Meas Worksheet'!L160,0),"Custom $") -> 0
B22: 13 | C22: ='Supp Meas Worksheet'!B174 -> Communicating Thermostat | G22: =IFERROR(IF(AND(SUM('Supp Meas Worksheet'!B176:C178)>0,SUM('Supp Meas Worksheet'!D179:E180)>0),SUM('Supp Meas Worksheet'!B176:C178)*'Supp Meas Worksheet'!L177,0),"Custom $") -> 0 | I22: Average Electric Cost
B23: 14 | C23: ='Supp Meas Worksheet'!B183 -> Hotel/ Motel Guest Room Energy Management System (Occ Sensor) | G23: =IF(AND(SUM('Supp Meas Worksheet'!B192:B196)>0,SUM('Supp Meas Worksheet'!D197:E198)>0),SUM('Supp Meas Worksheet'!B192:B196)*'Supp Meas Worksheet'!L187,0) -> 0 | J23: ='App Cust Info'!H27+'App Cust Info'!J27 -> 0 | K23: /kWhr
B24: Totals | G24: =SUM(G17:G23) -> 0 | I24: Average Gas Cost
J25: ='App Cust Info'!H31 -> 0 | K25: /Therm
B26: Domestic Hot Water & Controls Prescriptive Measures | G26: Calculated Incentives | I26: Proposed Project Costs
B27: 15 | C27: ='Supp Meas Worksheet'!B201 -> Drain Water Heat Recovery | G27: =IFERROR(IF(AND(SUM('Supp Meas Worksheet'!B203:B206)>0,'Supp Meas Worksheet'!E3<>"SMB"),SUM('Supp Meas Worksheet'!B203:B206)*'Supp Meas Worksheet'!L205,0),0) -> 0 | J27: Prescriptive Total Estimated Incentive: | K27: =IFERROR(IF(B4="DAC",MIN((G14+G24+M12+G28),(K28*M4),G5),IF(B4<>"DAC",MIN((G14+G24+M12+G28),(K28*M4),G5),0)),0) -> 0
B28: Totals | G28: =SUM(G27) -> 0 | J28: Prescriptive Total Project Cost: | K28: ='Supp Meas Worksheet'!D29+'Supp Meas Worksheet'!D30+'Supp Meas Worksheet'!D37+'Supp Meas Worksheet'!D38+'Supp Meas Worksheet'!D50+'Supp Meas Worksheet'!D51+'Supp Meas Worksheet'!D66+'Supp Meas Worksheet'!D67+'Supp Meas Worksheet'!D81+'Supp Meas Worksheet'!D82+'Supp Meas Worksheet'!D98+'Supp Meas Worksheet'!D99+'Supp Meas Worksheet'!D106+'Supp Meas Worksheet'!D107+'Supp Meas Worksheet'!D116+'Supp Meas Worksheet'!D117+'Supp Meas Worksheet'!D125+'Supp Meas Worksheet'!D126+'Supp Meas Worksheet'!D134+'Supp Meas Worksheet'!D135+'Supp Meas Worksheet'!D152+'Supp Meas Worksheet'!D153+'Supp Meas Worksheet'!D170+'Supp Meas Worksheet'!D171+'Supp Meas Worksheet'!D179+'Supp Meas Worksheet'!D180+'Supp Meas Worksheet'!D197+'Supp Meas Worksheet'!D198+'Supp Meas Worksheet'!D207+'Supp Meas Worksheet'!D208+'Comp Air Measures'!H32+'Comp Air Measures'!H33+'Comp Air Measures'!H47+'Comp Air Measures'!H48+'Comp Air Measures'!H58+'Comp Air Measures'!H59+'Comp Air Measures'!H71+'Comp Air Measures'!H72+'Comp Air Measures'!H85+'Comp Air Measures'!H86 -> 0
J29: Custom Total Estimated Incentive: | K29: =IFERROR(IF(B4="DAC",MIN(M18,(K30*M4),M15),IF(B4<>"DAC",MIN(M18,(K30*M4),M15),0)),0) -> 0
J30: Custom Total Project Cost: | K30: ='Custom Worksheet'!G47 -> 0
A34: ***For TSS Use ONLY***
D35: Program Eligibility Override | E35: Select Program | F35: TSS Approver | H35: PM Approver | J35: Date
D36: TRUE

Sheet MRD-Post
B2: Program Minimum Requirements Document
B3: ='App Instruct'!A3 -> Supplemental Measures Program | E3: ='App Instruct'!F3
B6: Minimum Requirements Document (MRD) & Post Inspection Checklist
B7: The incentive outlined in the Customer Report is subject to National Grid’s post installation inspection and/or certification of completed installation by the customer of final specifications, record drawings, and operation of the proposed equipment outlined below. In the event the proposed system is altered from the above description, notify the Company of the change PRIOR to the equipment purchase and installation, as the change in design and operation may impact the available incentive. If National Grid's post inspection has measures not passing inspection National Grid reserves the right to revise calculated savings and incentives based on the post verified results.
B9: Inspected by: | H9: Date:
B10: Customer Name: | D10: ='App Cust Info'!A9 -> 0 | H10: Project Contractor: | J10: ='App Cust Info'!A46 -> 0
B11: Customer Contact: | D11: ='App Cust Info'!E9 -> 0 | H11: Contractor Phone #: | J11: ='App Cust Info'!A50 -> 0
B12: Address: | D12: ='App Cust Info'!A15&" "&'App Cust Info'!E15&", "&'App Cust Info'!H15&" "&'App Cust Info'!J15 -> , NY | H12: Contractor Contact: | J12: ='App Cust Info'!H46 -> 0
B13: Phone Number: | D13: ='App Cust Info'!A11 -> 0 | H13: Building Type: | J13: ='App Cust Info'!A21 -> 0
B14: Inspector Signature:
B17: Facility Details | H17: Post Verification
B18: Building HVAC System | E18: ='App Cust Info'!E21 -> 0 | H18: Is this accurate? | K18: If not, what is it? | L18: Heat Pump
B19: Air Handling | E19: ='App Cust Info'!I21 -> 0 | H19: Is this accurate? | K19: If not, what is it?
B20: Heating System Fuel Source | E20: ='App Cust Info'!A23 -> 0 | H20: Is this accurate? | K20: If not, what is it?
B21: Cooling System Fuel Source | E21: ='App Cust Info'!I23 -> 0 | H21: Is this accurate? | K21: If not, what is it?
B22: Existing Rated Eff. of Combined Cooler (> 32˚ F) Compressors | F22: ='App Cust Info'!A25 -> 0 | G22: kW/ton | H22: Is this value accurate? | K22: If not, what is value?
B23: Existing Rated Eff. of Combined Freezer (≤ 32˚ F) Compressors | F23: ='App Cust Info'!G25 -> 0 | G23: kW/ton | H23: Is this value accurate? | K23: If not, what is value?
B25: Air Compressor System Details
C26: ='Comp Air Measures'!A9 -> Manufacturer and Model Number | E26: =LEFT('Comp Air Measures'!A10,22) -> Type of Air Compressor | G26: ='Comp Air Measures'!A11 -> Age | H26: ='Comp Air Measures'!A12 -> Rated Horse Power | J26: =LEFT('Comp Air Measures'!A13,12) -> Control Type | K26: ='Comp Air Measures'!A15 -> Operating Pressure (PSIG)
B27: ='Comp Air Measures'!D8 -> Compressor #1 | C27: ='Comp Air Measures'!D9 -> 0 | E27: ='Comp Air Measures'!D10 -> 0 | G27: ='Comp Air Measures'!D11 -> 0 | H27: ='Comp Air Measures'!D12 -> 0 | J27: ='Comp Air Measures'!D13 -> 0 | K27: ='Comp Air Measures'!D15 -> 0
B28: ='Comp Air Measures'!E8 -> Compressor #2 | C28: ='Comp Air Measures'!E9 -> 0 | E28: ='Comp Air Measures'!E10 -> 0 | G28: ='Comp Air Measures'!E11 -> 0 | H28: ='Comp Air Measures'!E12 -> 0 | J28: ='Comp Air Measures'!E13 -> 0 | K28: ='Comp Air Measures'!E15 -> 0
B29: ='Comp Air Measures'!F8 -> Compressor #3 | C29: ='Comp Air Measures'!F9 -> 0 | E29: ='Comp Air Measures'!F10 -> 0 | G29: ='Comp Air Measures'!F11 -> 0 | H29: ='Comp Air Measures'!F12 -> 0 | J29: ='Comp Air Measures'!F13 -> 0 | K29: ='Comp Air Measures'!F15 -> 0
B30: ='Comp Air Measures'!G8 -> Compressor #4 | C30: ='Comp Air Measures'!G9 -> 0 | E30: ='Comp Air Measures'!G10 -> 0 | G30: ='Comp Air Measures'!G11 -> 0 | H30: ='Comp Air Measures'!G12 -> 0 | J30: ='Comp Air Measures'!G13 -> 0 | K30: ='Comp Air Measures'!G15 -> 0
B31: ='Comp Air Measures'!H8 -> Compressor #5 | C31: ='Comp Air Measures'!H9 -> 0 | E31: ='Comp Air Measures'!H10 -> 0 | G31: ='Comp Air Measures'!H11 -> 0 | H31: ='Comp Air Measures'!H12 -> 0 | J31: ='Comp Air Measures'!H13 -> 0 | K31: ='Comp Air Measures'!H15 -> 0
B33: ='Supp Meas Worksheet'!B8 -> Refrigeration and Controls Measures
B34: ='Supp Meas Worksheet'!B25 -> Air Cooled Refrigeration Condenser | G34: Post Verification
B35: Cooler Temp | D35: Number of Condensers | E35: Tons of Refrigeation per unit (nameplate of condenser) | G35: Quantity of Condensers? | H35: Tons of Refrigeration is accurate? | J35: If not, what is correct tonnage? | L35: Measure Passes Inspection
B36: ='Supp Meas Worksheet'!B35 -> Cooler (> 32˚F) | E36: ='Supp Meas Worksheet'!I35 -> 0
B37: ='Supp Meas Worksheet'!B36 -> Freezer (≤ 32˚F) | E37: ='Supp Meas Worksheet'!I36 -> 0
D38: =SUM(D36:D37) -> 0 | G38: =SUM(G36:G37) -> 0
B40: ='Supp Meas Worksheet'!B33 -> Automatic Door Closers for Walk-in Coolers or Freezers | G40: Post Verification
B41: Cooler Temp | E41: Total Number of Automatic Door Closers | G41: Quantity of of Automatic Door Closers Installed? | J41: Measure Passes Inspection
B42: ='Supp Meas Worksheet'!B35 -> Cooler (> 32˚F) | E42: ='Supp Meas Worksheet'!I42 -> 0
B43: ='Supp Meas Worksheet'!B36 -> Freezer (≤ 32˚F) | E43: ='Supp Meas Worksheet'!I43 -> 0
E44: =SUM(E42:F43) -> 0 | G44: =SUM(G42:I43) -> 0
B46: ='Supp Meas Worksheet'!B41 -> Installation of Doors on Existing Verticle Open Reach-in Display Case | G46: Post Verification
B47: Cooler Temp | D47: Proposed Door Type | E47: Total Length of Display Case Opening (ft) | G47: Measured Length of Display Case Opening | I47: Door Type is accurate? | K47: If not, what is it? | M47: Measure Passes Inspection
B48: ='Supp Meas Worksheet'!B48 -> Cooler (> 32˚F) | D48: ='Supp Meas Worksheet'!D48 -> 0 | E48: ='Supp Meas Worksheet'!F48 -> 0
B49: ='Supp Meas Worksheet'!B49 -> Freezer (≤ 32˚F) | E49: ='Supp Meas Worksheet'!F49 -> 0
E50: =SUM(E48:F49) -> 0 | G50: =SUM(G48:H49) -> 0
B52: ='Supp Meas Worksheet'!B54 -> Evaporator Fan Motor Replacement - Permanent Magnet Synchronous Motor (PMSM) | I52: Post Verification
B53: Location | C53: Type | D53: Case Temp | E53: Is the Case manufacturered on or after 1/1/2009 | F53: Number of motors | G53: Motor Rated Wattage | H53: Control Type | I53: Qnty of Motors Installed | J53: Rated Wattage | K53: Type of Control is Accurate? | L53: If not, what is control type? | M53: Measure Passes Inspection
B54: ='Supp Meas Worksheet'!B60 -> 0 | C54: ='Supp Meas Worksheet'!C60 -> 0 | D54: ='Supp Meas Worksheet'!D60 -> 0 | E54: ='Supp Meas Worksheet'!E60 -> 0 | F54: ='Supp Meas Worksheet'!H60 -> 0 | G54: ='Supp Meas Worksheet'!I60 -> 0 | H54: ='Supp Meas Worksheet'!J60 -> 0
B55: ='Supp Meas Worksheet'!B61 -> 0 | C55: ='Supp Meas Worksheet'!C61 -> 0 | D55: ='Supp Meas Worksheet'!D61 -> 0 | E55: ='Supp Meas Worksheet'!E61 -> 0 | F55: ='Supp Meas Worksheet'!H61 -> 0 | G55: ='Supp Meas Worksheet'!I61 -> 0 | H55: ='Supp Meas Worksheet'!J61 -> 0
B56: ='Supp Meas Worksheet'!B62 -> 0 | C56: ='Supp Meas Worksheet'!C62 -> 0 | D56: ='Supp Meas Worksheet'!D62 -> 0 | E56: ='Supp Meas Worksheet'!E62 -> 0 | F56: ='Supp Meas Worksheet'!H62 -> 0 | G56: ='Supp Meas Worksheet'!I62 -> 0 | H56: ='Supp Meas Worksheet'!J62 -> 0
B57: ='Supp Meas Worksheet'!B63 -> 0 | C57: ='Supp Meas Worksheet'!C63 -> 0 | D57: ='Supp Meas Worksheet'!D63 -> 0 | E57: ='Supp Meas Worksheet'!E63 -> 0 | F57: ='Supp Meas Worksheet'!H63 -> 0 | G57: ='Supp Meas Worksheet'!I63 -> 0 | H57: ='Supp Meas Worksheet'!J63 -> 0
B58: ='Supp Meas Worksheet'!B64 -> 0 | C58: ='Supp Meas Worksheet'!C64 -> 0 | D58: ='Supp Meas Worksheet'!D64 -> 0 | E58: ='Supp Meas Worksheet'!E64 -> 0 | F58: ='Supp Meas Worksheet'!H64 -> 0 | G58: ='Supp Meas Worksheet'!I64 -> 0 | H58: ='Supp Meas Worksheet'!J64 -> 0
B59: ='Supp Meas Worksheet'!B65 -> 0 | C59: ='Supp Meas Worksheet'!C65 -> 0 | D59: ='Supp Meas Worksheet'!D65 -> 0 | E59: ='Supp Meas Worksheet'!E65 -> 0 | F59: ='Supp Meas Worksheet'!H65 -> 0 | G59: ='Supp Meas Worksheet'!I65 -> 0 | H59: ='Supp Meas Worksheet'!J65 -> 0
F60: =SUM(F54:F59) -> 0 | I60: =SUM(I54:I59) -> 0
B62: ='Supp Meas Worksheet'!B70 -> Walk-in Refrigerator or Freezer Evaporator Fan Motor Controls | H62: Post Verification
B63: Location | C63: Case Temp | D63: Number of Motors Being Controlled | E63: Type of Motor | F63: Horsepower per Evaporator Fan | G63: Control Type | H63: Qnty of Motors Controlled | J63: HP per Evap Fan | K63: Type of Control is Accurate? | L63: If not, what is control type? | M63: Measure Passes Inspection
B64: ='Supp Meas Worksheet'!B75 -> 0 | C64: ='Supp Meas Worksheet'!C75 -> 0 | D64: ='Supp Meas Worksheet'!D75 -> 0 | E64: ='Supp Meas Worksheet'!E75 -> 0 | F64: ='Supp Meas Worksheet'!G75 -> 0 | G64: ='Supp Meas Worksheet'!H75 -> 0
B65: ='Supp Meas Worksheet'!B76 -> 0 | C65: ='Supp Meas Worksheet'!C76 -> 0 | D65: ='Supp Meas Worksheet'!D76 -> 0 | E65: ='Supp Meas Worksheet'!E76 -> 0 | F65: ='Supp Meas Worksheet'!G76 -> 0 | G65: ='Supp Meas Worksheet'!H76 -> 0
B66: ='Supp Meas Worksheet'!B77 -> 0 | C66: ='Supp Meas Worksheet'!C77 -> 0 | D66: ='Supp Meas Worksheet'!D77 -> 0 | E66: ='Supp Meas Worksheet'!E77 -> 0 | F66: ='Supp Meas Worksheet'!G77 -> 0 | G66: ='Supp Meas Worksheet'!H77 -> 0
B67: ='Supp Meas Worksheet'!B78 -> 0 | C67: ='Supp Meas Worksheet'!C78 -> 0 | D67: ='Supp Meas Worksheet'!D78 -> 0 | E67: ='Supp Meas Worksheet'!E78 -> 0 | F67: ='Supp Meas Worksheet'!G78 -> 0 | G67: ='Supp Meas Worksheet'!H78 -> 0
B68: ='Supp Meas Worksheet'!B79 -> 0 | C68: ='Supp Meas Worksheet'!C79 -> 0 | D68: ='Supp Meas Worksheet'!D79 -> 0 | E68: ='Supp Meas Worksheet'!E79 -> 0 | F68: ='Supp Meas Worksheet'!G79 -> 0 | G68: ='Supp Meas Worksheet'!H79 -> 0
B69: ='Supp Meas Worksheet'!B80 -> 0 | C69: ='Supp Meas Worksheet'!C80 -> 0 | D69: ='Supp Meas Worksheet'!D80 -> 0 | E69: ='Supp Meas Worksheet'!E80 -> 0 | F69: ='Supp Meas Worksheet'!G80 -> 0 | G69: ='Supp Meas Worksheet'!H80 -> 0
D70: =SUM(D64:D69) -> 0 | H70: =SUM(H64:H69) -> 0
B72: ='Supp Meas Worksheet'!B85 -> Anti-Condensate Heater Controls for Walk-in and Reach-in Coolers and Freezers | H72: Post Verification
B73: Location | C73: Case Temp | D73: Total Number of Doors | E73: Heater Watts | F73: Refrigeration System Efficiency Based on Case Temperature | G73: Control Type | H73: Total # of Doors Controlled | I73: Refrig Sys Eff is Accurate? | J73: If not, what is efficiency? | K73: Type of Control is Accurate? | L73: If not, what is control type? | M73: Measure Passes Inspection
B74: ='Table 6-ACHC'!A5 -> 0 | C74: ='Table 6-ACHC'!B5 -> 0 | D74: ='Table 6-ACHC'!F5 -> 0 | E74: ='Table 6-ACHC'!J5 -> 0 | F74: =IF(C74='Indirect Refrig Savings'!$B$3,'App Cust Info'!$A$25,IF(C74='Indirect Refrig Savings'!$B$4,'App Cust Info'!$G$25,0)) -> 0 | G74: ='Supp Meas Worksheet'!N92 -> 0
B75: ='Table 6-ACHC'!A6 -> 0 | C75: ='Table 6-ACHC'!B6 -> 0 | D75: ='Table 6-ACHC'!F6 -> 0 | E75: ='Table 6-ACHC'!J6 -> 0 | F75: =IF(C75='Indirect Refrig Savings'!$B$3,'App Cust Info'!$A$25,IF(C75='Indirect Refrig Savings'!$B$4,'App Cust Info'!$G$25,0)) -> 0 | G75: ='Supp Meas Worksheet'!N93 -> 0
B76: ='Table 6-ACHC'!A7 -> 0 | C76: ='Table 6-ACHC'!B7 -> 0 | D76: ='Table 6-ACHC'!F7 -> 0 | E76: ='Table 6-ACHC'!J7 -> 0 | F76: =IF(C76='Indirect Refrig Savings'!$B$3,'App Cust Info'!$A$25,IF(C76='Indirect Refrig Savings'!$B$4,'App Cust Info'!$G$25,0)) -> 0 | G76: ='Supp Meas Worksheet'!N94 -> 0
B77: ='Table 6-ACHC'!A8 -> 0 | C77: ='Table 6-ACHC'!B8 -> 0 | D77: ='Table 6-ACHC'!F8 -> 0 | E77: ='Table 6-ACHC'!J8 -> 0 | F77: =IF(C77='Indirect Refrig Savings'!$B$3,'App Cust Info'!$A$25,IF(C77='Indirect Refrig Savings'!$B$4,'App Cust Info'!$G$25,0)) -> 0 | G77: ='Supp Meas Worksheet'!N95 -> 0
B78: ='Table 6-ACHC'!A9 -> 0 | C78: ='Table 6-ACHC'!B9 -> 0 | D78: ='Table 6-ACHC'!F9 -> 0 | E78: ='Table 6-ACHC'!J9 -> 0 | F78: =IF(C78='Indirect Refrig Savings'!$B$3,'App Cust Info'!$A$25,IF(C78='Indirect Refrig Savings'!$B$4,'App Cust Info'!$G$25,0)) -> 0 | G78: ='Supp Meas Worksheet'!N96 -> 0
B79: ='Table 6-ACHC'!A10 -> 0 | C79: ='Table 6-ACHC'!B10 -> 0 | D79: ='Table 6-ACHC'!F10 -> 0 | E79: ='Table 6-ACHC'!J10 -> 0 | F79: =IF(C79='Indirect Refrig Savings'!$B$3,'App Cust Info'!$A$25,IF(C79='Indirect Refrig Savings'!$B$4,'App Cust Info'!$G$25,0)) -> 0 | G79: ='Supp Meas Worksheet'!N97 -> 0
D80: =SUM(D74:D79) -> 0 | H80: =SUM(H74:H79) -> 0
B82: ='Supp Meas Worksheet'!B102 -> Floating Head Pressure Control | G82: Post Verification
B83: Cooler Temp | D83: Total Controlled Compressor HP | E83: Condenser Type | G83: Total Compressor HP Being Controlled | I83: Condenser Type is accurate | K83: If not, what is correct Type? | L83: Measure Passes Inspection
B84: ='Supp Meas Worksheet'!B104 -> Cooler (> 32˚F) | D84: ='Supp Meas Worksheet'!C104 -> 0 | E84: ='Supp Meas Worksheet'!E104 -> 0
B85: ='Supp Meas Worksheet'!B105 -> Freezer (≤ 32˚F) | D85: ='Supp Meas Worksheet'!C105 -> 0 | E85: ='Supp Meas Worksheet'!E105 -> 0
D86: =SUM(D84:D85) -> 0 | G86: =SUM(G84:G85) -> 0
B88: ='Supp Meas Worksheet'!B13 -> HVAC and Controls Measures
B89: ='Supp Meas Worksheet'!B110 -> Advanced Rooftop Unit Control | F89: Post Verification
B90: Number of RTU's | C90: Capacity of each RTU (Tons) | D90: Output Capcity of RTU Furnace | E90: Control Scenario | F90: Number of RTU's being controlled | G90: RTU Capacity (Tons) | H90: Is the Control Scenario Accurate? | J90: If not, what is Control Scenario? | L90: Measure Passes Inspection
B91: ='Supp Meas Worksheet'!B112 -> 0 | C91: ='Supp Meas Worksheet'!C112 -> 0 | D91: ='Supp Meas Worksheet'!D112 -> 0 | E91: ='Supp Meas Worksheet'!E112 -> 0
B92: ='Supp Meas Worksheet'!B113 -> 0 | C92: ='Supp Meas Worksheet'!C113 -> 0 | D92: ='Supp Meas Worksheet'!D113 -> 0 | E92: ='Supp Meas Worksheet'!E113 -> 0
B93: ='Supp Meas Worksheet'!B114 -> 0 | C93: ='Supp Meas Worksheet'!C114 -> 0 | D93: ='Supp Meas Worksheet'!D114 -> 0 | E93: ='Supp Meas Worksheet'!E114 -> 0
B94: ='Supp Meas Worksheet'!B115 -> 0 | C94: ='Supp Meas Worksheet'!C115 -> 0 | D94: ='Supp Meas Worksheet'!D115 -> 0 | E94: ='Supp Meas Worksheet'!E115 -> 0
B95: =SUM(B91:B94) -> 0 | F95: =SUM(F91:F94) -> 0
B97: ='Supp Meas Worksheet'!B120 -> Demand Control Ventilation | E97: Post Verification
B98: Total Area of Conditioned Space (Sq. Ft.) being Controlled | E98: Occupancy Sensors are installed and controlling ventilation | G98: Total Area of Conditioned Space being Controlled | J98: Measure Passes Inspection
B99: ='Supp Meas Worksheet'!B122 -> 0
B100: ='Supp Meas Worksheet'!B123 -> 0
B101: ='Supp Meas Worksheet'!B124 -> 0
B102: =SUM(B99:B101) -> 0 | G102: =SUM(G99:G101) -> 0
B104: ='Supp Meas Worksheet'!B129 -> Kitchen Hood Demand Control Ventilation | E104: Post Verification
B105: Number of Exhaust Fans | D105: HP of each Fan | E105: Number of Exhaust Fans Being Controlled | F105: Is HP Accurate? | G105: If not, what is correct HP? | H105: Measure Passes Inspection
B106: ='Supp Meas Worksheet'!B131 -> 0 | D106: ='Supp Meas Worksheet'!D131 -> 0
B107: ='Supp Meas Worksheet'!B132 -> 0 | D107: ='Supp Meas Worksheet'!D132 -> 0
B108: ='Supp Meas Worksheet'!B133 -> 0 | D108: ='Supp Meas Worksheet'!D133 -> 0
B109: =SUM(B106:B108) -> 0 | E109: =SUM(E106:E108) -> 0
B111: Energy Recovery Ventilator (Sensible & Latent Heat) | G111: Post Verification
B112: Number of ERV's | C112: Sensible Effectiveness of ERV | D112: Total Effectiveness of ERV | E112: Average Daily Run Time of ERV in Recovery | F112: Facility Operation Days per Year | G112: Total number of ERV's Installed | H112: Is Average Daily Run Time of ERV in Recovery Mode Accurate? | J112: If not, what is Run Time? | K112: Is Annual Facility Operating Days Correct? | L112: If not, what are the Operating Days? | M112: Measure Passes Inspection
B113: ='Supp Meas Worksheet'!B147 -> 0 | C113: ='Supp Meas Worksheet'!F147 -> 0 | D113: ='Supp Meas Worksheet'!G147 -> 0 | E113: ='Supp Meas Worksheet'!L147 -> 0 | F113: ='Supp Meas Worksheet'!N147 -> 0
B114: ='Supp Meas Worksheet'!B148 -> 0 | C114: ='Supp Meas Worksheet'!F148 -> 0 | D114: ='Supp Meas Worksheet'!G148 -> 0 | E114: ='Supp Meas Worksheet'!L148 -> 0 | F114: ='Supp Meas Worksheet'!N148 -> 0
B115: ='Supp Meas Worksheet'!B149 -> 0 | C115: ='Supp Meas Worksheet'!F149 -> 0 | D115: ='Supp Meas Worksheet'!G149 -> 0 | E115: ='Supp Meas Worksheet'!L149 -> 0 | F115: ='Supp Meas Worksheet'!N149 -> 0
B116: ='Supp Meas Worksheet'!B150 -> 0 | C116: ='Supp Meas Worksheet'!F150 -> 0 | D116: ='Supp Meas Worksheet'!G150 -> 0 | E116: ='Supp Meas Worksheet'!L150 -> 0 | F116: ='Supp Meas Worksheet'!N150 -> 0
B117: ='Supp Meas Worksheet'!B151 -> 0 | C117: ='Supp Meas Worksheet'!F151 -> 0 | D117: ='Supp Meas Worksheet'!G151 -> 0 | E117: ='Supp Meas Worksheet'!L151 -> 0 | F117: ='Supp Meas Worksheet'!N151 -> 0
B118: =SUM(B113:B117) -> 0 | G118: =SUM(G113:G117) -> 0
...

Sheet Table 6-ACHC
A1: ='Supp Meas Worksheet'!B85 -> Anti-Condensate Heater Controls for Walk-in and Reach-in Coolers and Freezers
A3: Calculations
A4: Location | B4: Temp | C4: Control Type | D4: # Doors/ Case | E4: # Cases | F4: Total # Doors | G4: Sq. Ft. of one door | H4: Total ft2 for all doors if Power details not provided on Meas Wkst. | I4: Total W from Door Sq. Ft. | J4: Total Anti-Cond Htr Power (WDH) | K4: COPref | L4: Calculated Incentive
A5: ='Supp Meas Worksheet'!B92 -> 0 | B5: ='Supp Meas Worksheet'!D92 -> 0 | C5: ='Supp Meas Worksheet'!N92 -> 0 | D5: ='Supp Meas Worksheet'!E92 -> 0 | E5: ='Supp Meas Worksheet'!C92 -> 0 | F5: =D5*E5 -> 0 | G5: ='Supp Meas Worksheet'!F92 -> 0 | H5: =IFERROR(IF(AND('Supp Meas Worksheet'!G92=0,OR('Supp Meas Worksheet'!I92=0,'Supp Meas Worksheet'!K92=0,'Supp Meas Worksheet'!L92=0)),F5*G5,0),0) -> 0 | I5: =IFERROR(H5*VLOOKUP(B5,$A$16:$B$17,2,FALSE),0) -> 0 | J5: =IF(I5>0,I5,IF('Supp Meas Worksheet'!G92>0,'Supp Meas Worksheet'!G92*'Table 6-ACHC'!E5,('Supp Meas Worksheet'!I92*'Supp Meas Worksheet'!K92*'Supp Meas Worksheet'!L92)*E5)) -> 0 | K5: =IFERROR(INDEX('Indirect Refrig Savings'!$J$3:$J$4,MATCH('Table 6-ACHC'!B5,'Indirect Refrig Savings'!$B$3:$B$4,0)),0) -> 0 | L5: =IF('Savings Summary'!B4<>"DAC",'Supp Meas Worksheet'!$L$88*E5*D5,IF('Savings Summary'!B4="DAC",'Supp Meas Worksheet'!$M$88*E5*D5,0)) -> 0
A6: ='Supp Meas Worksheet'!B93 -> 0 | B6: ='Supp Meas Worksheet'!D93 -> 0 | C6: ='Supp Meas Worksheet'!N93 -> 0 | D6: ='Supp Meas Worksheet'!E93 -> 0 | E6: ='Supp Meas Worksheet'!C93 -> 0 | F6: =D6*E6 -> 0 | G6: ='Supp Meas Worksheet'!F93 -> 0 | H6: =IFERROR(IF(AND('Supp Meas Worksheet'!G93=0,OR('Supp Meas Worksheet'!I93=0,'Supp Meas Worksheet'!K93=0,'Supp Meas Worksheet'!L93=0)),F6*G6,0),0) -> 0 | I6: =IFERROR(H6*VLOOKUP(B6,$A$16:$B$17,2,FALSE),0) -> 0 | J6: =IF(I6>0,I6,IF('Supp Meas Worksheet'!G93>0,'Supp Meas Worksheet'!G93*'Table 6-ACHC'!E6,('Supp Meas Worksheet'!I93*'Supp Meas Worksheet'!K93*'Supp Meas Worksheet'!L93)*E6)) -> 0 | K6: =IFERROR(INDEX('Indirect Refrig Savings'!$J$3:$J$4,MATCH('Table 6-ACHC'!B6,'Indirect Refrig Savings'!$B$3:$B$4,0)),0) -> 0 | L6: =IF('Savings Summary'!B6<>"DAC",'Supp Meas Worksheet'!$L$88*E6*D6,IF('Savings Summary'!B6="DAC",'Supp Meas Worksheet'!$M$88*E6*D6,0)) -> 0
A7: ='Supp Meas Worksheet'!B94 -> 0 | B7: ='Supp Meas Worksheet'!D94 -> 0 | C7: ='Supp Meas Worksheet'!N94 -> 0 | D7: ='Supp Meas Worksheet'!E94 -> 0 | E7: ='Supp Meas Worksheet'!C94 -> 0 | F7: =D7*E7 -> 0 | G7: ='Supp Meas Worksheet'!F94 -> 0 | H7: =IFERROR(IF(AND('Supp Meas Worksheet'!G94=0,OR('Supp Meas Worksheet'!I94=0,'Supp Meas Worksheet'!K94=0,'Supp Meas Worksheet'!L94=0)),F7*G7,0),0) -> 0 | I7: =IFERROR(H7*VLOOKUP(B7,$A$16:$B$17,2,FALSE),0) -> 0 | J7: =IF(I7>0,I7,IF('Supp Meas Worksheet'!G94>0,'Supp Meas Worksheet'!G94*'Table 6-ACHC'!E7,('Supp Meas Worksheet'!I94*'Supp Meas Worksheet'!K94*'Supp Meas Worksheet'!L94)*E7)) -> 0 | K7: =IFERROR(INDEX('Indirect Refrig Savings'!$J$3:$J$4,MATCH('Table 6-ACHC'!B7,'Indirect Refrig Savings'!$B$3:$B$4,0)),0) -> 0 | L7: =IF('Savings Summary'!C7<>"DAC",'Supp Meas Worksheet'!$L$88*E7*D7,IF('Savings Summary'!C7="DAC",'Supp Meas Worksheet'!$M$88*E7*D7,0)) -> 0
A8: ='Supp Meas Worksheet'!B95 -> 0 | B8: ='Supp Meas Worksheet'!D95 -> 0 | C8: ='Supp Meas Worksheet'!N95 -> 0 | D8: ='Supp Meas Worksheet'!E95 -> 0 | E8: ='Supp Meas Worksheet'!C95 -> 0 | F8: =D8*E8 -> 0 | G8: ='Supp Meas Worksheet'!F95 -> 0 | H8: =IFERROR(IF(AND('Supp Meas Worksheet'!G95=0,OR('Supp Meas Worksheet'!I95=0,'Supp Meas Worksheet'!K95=0,'Supp Meas Worksheet'!L95=0)),F8*G8,0),0) -> 0 | I8: =IFERROR(H8*VLOOKUP(B8,$A$16:$B$17,2,FALSE),0) -> 0 | J8: =IF(I8>0,I8,IF('Supp Meas Worksheet'!G95>0,'Supp Meas Worksheet'!G95*'Table 6-ACHC'!E8,('Supp Meas Worksheet'!I95*'Supp Meas Worksheet'!K95*'Supp Meas Worksheet'!L95)*E8)) -> 0 | K8: =IFERROR(INDEX('Indirect Refrig Savings'!$J$3:$J$4,MATCH('Table 6-ACHC'!B8,'Indirect Refrig Savings'!$B$3:$B$4,0)),0) -> 0 | L8: =IF('Savings Summary'!C8<>"DAC",'Supp Meas Worksheet'!$L$88*E8*D8,IF('Savings Summary'!C8="DAC",'Supp Meas Worksheet'!$M$88*E8*D8,0)) -> 0
A9: ='Supp Meas Worksheet'!B96 -> 0 | B9: ='Supp Meas Worksheet'!D96 -> 0 | C9: ='Supp Meas Worksheet'!N96 -> 0 | D9: ='Supp Meas Worksheet'!E96 -> 0 | E9: ='Supp Meas Worksheet'!C96 -> 0 | F9: =D9*E9 -> 0 | G9: ='Supp Meas Worksheet'!F96 -> 0 | H9: =IFERROR(IF(AND('Supp Meas Worksheet'!G96=0,OR('Supp Meas Worksheet'!I96=0,'Supp Meas Worksheet'!K96=0,'Supp Meas Worksheet'!L96=0)),F9*G9,0),0) -> 0 | I9: =IFERROR(H9*VLOOKUP(B9,$A$16:$B$17,2,FALSE),0) -> 0 | J9: =IF(I9>0,I9,IF('Supp Meas Worksheet'!G96>0,'Supp Meas Worksheet'!G96*'Table 6-ACHC'!E9,('Supp Meas Worksheet'!I96*'Supp Meas Worksheet'!K96*'Supp Meas Worksheet'!L96)*E9)) -> 0 | K9: =IFERROR(INDEX('Indirect Refrig Savings'!$J$3:$J$4,MATCH('Table 6-ACHC'!B9,'Indirect Refrig Savings'!$B$3:$B$4,0)),0) -> 0 | L9: =IF('Savings Summary'!C9<>"DAC",'Supp Meas Worksheet'!$L$88*E9*D9,IF('Savings Summary'!C9="DAC",'Supp Meas Worksheet'!$M$88*E9*D9,0)) -> 0
A10: ='Supp Meas Worksheet'!B97 -> 0 | B10: ='Supp Meas Worksheet'!D97 -> 0 | C10: ='Supp Meas Worksheet'!N97 -> 0 | D10: ='Supp Meas Worksheet'!E97 -> 0 | E10: ='Supp Meas Worksheet'!C97 -> 0 | F10: =D10*E10 -> 0 | G10: ='Supp Meas Worksheet'!F97 -> 0 | H10: =IFERROR(IF(AND('Supp Meas Worksheet'!G97=0,OR('Supp Meas Worksheet'!I97=0,'Supp Meas Worksheet'!K97=0,'Supp Meas Worksheet'!L97=0)),F10*G10,0),0) -> 0 | I10: =IFERROR(H10*VLOOKUP(B10,$A$16:$B$17,2,FALSE),0) -> 0 | J10: =IF(I10>0,I10,IF('Supp Meas Worksheet'!G97>0,'Supp Meas Worksheet'!G97*'Table 6-ACHC'!E10,('Supp Meas Worksheet'!I97*'Supp Meas Worksheet'!K97*'Supp Meas Worksheet'!L97)*E10)) -> 0 | K10: =IFERROR(INDEX('Indirect Refrig Savings'!$J$3:$J$4,MATCH('Table 6-ACHC'!B10,'Indirect Refrig Savings'!$B$3:$B$4,0)),0) -> 0 | L10: =IF('Savings Summary'!C10<>"DAC",'Supp Meas Worksheet'!$L$88*E10*D10,IF('Savings Summary'!C10="DAC",'Supp Meas Worksheet'!$M$88*E10*D10,0)) -> 0
A13: NYS TRM - Version 13
B15: W/ft2 | E15: On/Off Control
A16: ='Indirect Refrig Savings'!B3 -> Cooler (> 32˚F) | B16: 3 | E16: Pulse-Width Modulation Control
A17: ='Indirect Refrig Savings'!B4 -> Freezer (≤ 32˚F) | B17: 7.1

Sheet Reference
A1: Building Types | B1: Reference | C1: Appendix G Ref | E1: Zip Code | F1: City | G1: TRM City | H1: County | I1: Climate Zone | K1: City & HVAC | L1: City | M1: HVAC System | N1: HVACc | O1: HVACd | P1: HVACff | R1: Product | S1: SHIFTNIMO | T1: SHIFTNIMODAC | U1: SHIFTKEDLI/ KEDNY | V1: SHIFTKEDLI/ KEDNYDAC | W1: SMBNIMO | X1: SMBNIMODAC | Y1: SMBKEDLI/ KEDNY | Z1: SMBKEDLI/ KEDNYDAC | AB1: Product | AC1: SHIFTNIMOE | AD1: SHIFTNIMOE & G | AE1: SHIFTNIMOG | AF1: SHIFTKEDLI/ KEDNYG | AG1: SMBNIMOE | AH1: SMBDACNIMOE | AI1: SMBNIMOE & G | AJ1: SMBDACNIMOE & G | AK1: SMBNIMOG | AL1: SMBDACNIMOG | AM1: SMBKEDLI/ KEDNYG | AN1: SMBDACKEDLI/ KEDNYG
A2: Assembly | B2: Assembly | C2: Assembly | E2: 501 | F2: Holtsville | G2: NYC | H2: Suffolk | I2: 4 | K2: AlbanyAC with Fuel Heat | L2: Albany | M2: AC with Fuel Heat | N2: 0.0552 | O2: 0.1478 | P2: -0.0011 | R2: ='Savings Summary'!C7 -> Automatic Door Closers for Walk-in Coolers or Freezers | S2: 300 | T2: 300 | U2: NA | V2: NA | W2: 350 | X2: 400 | Y2: NA | Z2: NA | AB2: Custom | AC2: 0.2 | AD2: 4 | AE2: 4 | AF2: 3 | AG2: 1.25 | AH2: 1.5 | AI2: 10 | AJ2: 12 | AK2: 10 | AL2: 12 | AM2: 12 | AN2: 14
A3: Auto Repair | B3: Auto Repair | C3: Auto Repair | E3: 544 | F3: Holtsville | G3: NYC | H3: Suffolk | I3: 4 | K3: BinghamtonAC with Fuel Heat | L3: Binghamton | M3: AC with Fuel Heat | N3: 0.0478 | O3: 0.1478 | P3: -0.0012 | R3: ='Savings Summary'!C8 -> Air Cooled Refrigeration Condenser | S3: 3000 | T3: 3000 | U3: NA | V3: NA | W3: 3500 | X3: 4000 | Y3: NA | Z3: NA
A4: Bakery | B4: Restaurant | C4: Small Retail | E4: 6390 | F4: Fishers Island | G4: NYC | H4: Suffolk | I4: 4 | K4: BuffaloAC with Fuel Heat | L4: Buffalo | M4: AC with Fuel Heat | N4: 0.0534 | O4: 0.1478 | P4: -0.0012 | R4: ='Savings Summary'!C9&"Standard Efficiency Door" -> Installation of Doors on Existing Verticle Open Reach-in Display CaseStandard Efficiency Door | S4: 350 | T4: 350 | U4: 350 | V4: 350 | W4: 350 | X4: 400 | Y4: 400 | Z4: 450
A5: Community College | B5: Restaurant | C5: Community College | E5: 10001 | F5: New York | G5: NYC | H5: New York | I5: 4 | K5: MassenaAC with Fuel Heat | L5: Massena | M5: AC with Fuel Heat | N5: 0.0487 | O5: 0.1478 | P5: -0.0012 | R5: ='Savings Summary'!C9&"High Efficiency Door" -> Installation of Doors on Existing Verticle Open Reach-in Display CaseHigh Efficiency Door | S5: 500 | T5: 500 | U5: 500 | V5: 500 | W5: 500 | X5: 600 | Y5: 550 | Z5: 650
A6: Convenience Store | B6: Convenience Store | C6: Small Retail | E6: 10002 | F6: New York | G6: NYC | H6: New York | I6: 4 | K6: NYCAC with Fuel Heat | L6: NYC | M6: AC with Fuel Heat | N6: 0.0628 | O6: 0.1478 | P6: -0.001 | R6: ='Savings Summary'!C10 -> Evaporator Fan Motor Replacement - Permanent Magnet Synchronous Motor (PMSM) | S6: 250 | T6: 250 | U6: NA | V6: NA | W6: 275 | X6: 325 | Y6: NA | Z6: NA
A7: Dormitory | B7: Dormitory | C7: Dormitory | E7: 10003 | F7: New York | G7: NYC | H7: New York | I7: 4 | K7: PoughkeepsieAC with Fuel Heat | L7: Poughkeepsie | M7: AC with Fuel Heat | N7: 0.0584 | O7: 0.1478 | P7: -0.0011 | R7: ='Savings Summary'!C11 -> Walk-in Refrigerator or Freezer Evaporator Fan Motor Controls | S7: 500 | T7: 500 | U7: NA | V7: NA | W7: 550 | X7: 600 | Y7: NA | Z7: NA
A8: Food Stores - Grocery | B8: Grocery | C8: Grocery | E8: 10004 | F8: New York | G8: NYC | H8: New York | I8: 4 | K8: SyracuseAC with Fuel Heat | L8: Syracuse | M8: AC with Fuel Heat | N8: 0.0544 | O8: 0.1478 | P8: -0.0012 | R8: ='Savings Summary'!C12 -> Anti-Condensate Heater Controls for Walk-in and Reach-in Coolers and Freezers | S8: 250 | T8: 250 | U8: NA | V8: NA | W8: 300 | X8: 350 | Y8: NA | Z8: NA
A9: High School | B9: Restaurant | C9: High School | E9: 10005 | F9: New York | G9: NYC | H9: New York | I9: 4 | K9: AlbanyChilled Water with Fuel Heat | L9: Albany | M9: Chilled Water with Fuel Heat | N9: 0.0321 | O9: 0.086 | P9: -0.0011 | R9: ='Savings Summary'!C13 -> Floating Head Pressure Control | S9: 300 | T9: 300 | U9: NA | V9: NA | W9: 350 | X9: 400 | Y9: NA | Z9: NA
A10: Hospitals/ Health Care | B10: Restaurant | C10: Hospital | E10: 10006 | F10: New York | G10: NYC | H10: New York | I10: 4 | K10: BinghamtonChilled Water with Fuel Heat | L10: Binghamton | M10: Chilled Water with Fuel Heat | N10: 0.0278 | O10: 0.086 | P10: -0.0012 | R10: ='Savings Summary'!C17 -> Advanced Rooftop Unit Control | S10: Custom | T10: Custom | U10: Custom | V10: Custom | W10: 4000 | X10: 4500 | Y10: 4500 | Z10: 5000
A11: Hotel | B11: Restaurant | C11: Hotel | E11: 10007 | F11: New York | G11: NYC | H11: New York | I11: 4 | K11: BuffaloChilled Water with Fuel Heat | L11: Buffalo | M11: Chilled Water with Fuel Heat | N11: 0.0311 | O11: 0.086 | P11: -0.0012 | R11: ='Savings Summary'!C18 -> Demand Control Ventilation | S11: Custom | T11: Custom | U11: Custom | V11: Custom | W11: 1.5 | X11: 2 | Y11: 1.75 | Z11: 2.25
A12: Light Industrial | B12: Light Industrial | C12: Light Industrial | E12: 10008 | F12: New York | G12: NYC | H12: New York | I12: 4 | K12: MassenaChilled Water with Fuel Heat | L12: Massena | M12: Chilled Water with Fuel Heat | N12: 0.0283 | O12: 0.086 | P12: -0.0012 | R12: ='Savings Summary'!C19 -> Kitchen Hood Demand Control Ventilation | S12: 1500 | T12: 1500 | U12: 1500 | V12: 1500 | W12: 1500 | X12: 1750 | Y12: 1600 | Z12: 1850
A13: Motel | B13: Restaurant | C13: Motel | E13: 10009 | F13: New York | G13: NYC | H13: New York | I13: 4 | K13: NYCChilled Water with Fuel Heat | L13: NYC | M13: Chilled Water with Fuel Heat | N13: 0.0365 | O13: 0.086 | P13: -0.001 | R13: ='Savings Summary'!C20 -> Energy Recovery Ventilator (Sensible & Latent Heat) | S13: Custom | T13: Custom | U13: Custom | V13: Custom | W13: NA | X13: NA | Y13: NA | Z13: NA
A14: Movie Theater | B14: Restaurant | C14: Assembly | E14: 10010 | F14: New York | G14: NYC | H14: New York | I14: 4 | K14: PoughkeepsieChilled Water with Fuel Heat | L14: Poughkeepsie | M14: Chilled Water with Fuel Heat | N14: 0.034 | O14: 0.086 | P14: -0.0011 | R14: ='Savings Summary'!C21 -> Heat Recovery Ventilator (Sensible Heat) | S14: Custom | T14: Custom | U14: Custom | V14: Custom | W14: 10 | X14: 12 | Y14: 11 | Z14: 13
A15: Office - Large | B15: Large Office | C15: Large Office | E15: 10011 | F15: New York | G15: NYC | H15: New York | I15: 4 | K15: SyracuseChilled Water with Fuel Heat | L15: Syracuse | M15: Chilled Water with Fuel Heat | N15: 0.0317 | O15: 0.086 | P15: -0.0012 | R15: ='Savings Summary'!C22 -> Communicating Thermostat | S15: Custom | T15: Custom | U15: Custom | V15: Custom | W15: 250 | X15: 300 | Y15: 300 | Z15: 350
A16: Office - Small | B16: Small Office | C16: Small Office | E16: 10012 | F16: New York | G16: NYC | H16: New York | I16: 4 | K16: AlbanyHeat Pump | L16: Albany | M16: Heat Pump | N16: -0.0633 | O16: 0.1478 | P16: 0 | R16: ='Savings Summary'!C23 -> Hotel/ Motel Guest Room Energy Management System (Occ Sensor) | S16: 300 | T16: 300 | U16: 300 | V16: 300 | W16: 300 | X16: 350 | Y16: 350 | Z16: 400
A17: Penitentiary | B17: Restaurant | C17: Hospital | E17: 10013 | F17: New York | G17: NYC | H17: New York | I17: 4 | K17: BinghamtonHeat Pump | L17: Binghamton | M17: Heat Pump | N17: -0.0806 | O17: 0.1478 | P17: 0 | R17: ='Savings Summary'!C27 -> Drain Water Heat Recovery | S17: 1500 | T17: 1500 | U17: 1500 | V17: 1500 | W17: NA | X17: NA | Y17: NA | Z17: NA
A18: Primary School | B18: Restaurant | C18: Primary School | E18: 10014 | F18: New York | G18: NYC | H18: New York | I18: 4 | K18: BuffaloHeat Pump | L18: Buffalo | M18: Heat Pump | N18: -0.0688 | O18: 0.1478 | P18: 0 | R18: ='Savings Summary'!J7 -> Air Compressor Replacement | S18: 500 | T18: 500 | U18: NA | V18: NA | W18: 550 | X18: 600 | Y18: NA | Z18: NA
A19: Refrigerated Warehouse | B19: Grocery | C19: Warehouse | E19: 10015 | F19: New York | G19: NYC | H19: New York | I19: 4 | K19: MassenaHeat Pump | L19: Massena | M19: Heat Pump | N19: -0.081 | O19: 0.1478 | P19: 0 | R19: ='Savings Summary'!J8 -> Compressed Air Flow Controller | S19: 80 | T19: 80 | U19: NA | V19: NA | W19: 100 | X19: 120 | Y19: NA | Z19: NA
A20: Religious Worship | B20: Religious Worship | C20: Religious Worship | E20: 10016 | F20: New York | G20: NYC | H20: New York | I20: 4 | K20: NYCHeat Pump | L20: NYC | M20: Heat Pump | N20: -0.0378 | O20: 0.1478 | P20: 0 | R20: ='Savings Summary'!J9 -> Refrigerated Compressed Air Dryer | S20: 20 | T20: 20 | U20: NA | V20: NA | W20: 24 | X20: 29 | Y20: NA | Z20: NA
A21: Restaurant - Fast Food | B21: Restaurant | C21: Fast Food Restaurant | E21: 10017 | F21: New York | G21: NYC | H21: New York | I21: 4 | K21: PoughkeepsieHeat Pump | L21: Poughkeepsie | M21: Heat Pump | N21: -0.0546 | O21: 0.1478 | P21: 0 | R21: ='Savings Summary'!J10 -> Compressed Air Low Pressure Drop Filter | S21: 50 | T21: 50 | U21: NA | V21: NA | W21: 60 | X21: 85 | Y21: NA | Z21: NA
A22: Restaurant - Full Service | B22: Restaurant | C22: Full Service Restaurant | E22: 10018 | F22: New York | G22: NYC | H22: New York | I22: 4 | K22: SyracuseHeat Pump | L22: Syracuse | M22: Heat Pump | N22: -0.0662 | O22: 0.1478 | P22: 0 | R22: ='Savings Summary'!J11 -> Compressed Air Zero Loss Condensate Drain | S22: 1000 | T22: 1000 | U22: NA | V22: NA | W22: 1500 | X22: 1700 | Y22: NA | Z22: NA
A23: Retail - Big Box | B23: Grocery | C23: Big Box Retail | E23: 10019 | F23: New York | G23: NYC | H23: New York | I23: 4 | K23: AlbanyAC with Elec Resistance Heat | L23: Albany | M23: AC with Elec Resistance Heat | N23: -0.2114 | O23: 0.1478 | P23: 0
A24: Retail - Large | B24: Grocery | C24: Large Retail | E24: 10020 | F24: New York | G24: NYC | H24: New York | I24: 4 | K24: BinghamtonAC with Elec Resistance Heat | L24: Binghamton | M24: AC with Elec Resistance Heat | N24: -0.2411 | O24: 0.1478 | P24: 0
A25: Retail - Small | B25: Small Retail | C25: Small Retail | E25: 10021 | F25: New York | G25: NYC | H25: New York | I25: 4 | K25: BuffaloAC with Elec Resistance Heat | L25: Buffalo | M25: AC with Elec Resistance Heat | N25: -0.2215 | O25: 0.1478 | P25: 0
A26: University | B26: Restaurant | C26: University | E26: 10022 | F26: New York | G26: NYC | H26: New York | I26: 4 | K26: MassenaAC with Elec Resistance Heat | L26: Massena | M26: AC with Elec Resistance Heat | N26: -0.2431 | O26: 0.1478 | P26: 0
A27: Warehouse | B27: Warehouse | C27: Warehouse | E27: 10023 | F27: New York | G27: NYC | H27: New York | I27: 4 | K27: NYCAC with Elec Resistance Heat | L27: NYC | M27: AC with Elec Resistance Heat | N27: -0.1636 | O27: 0.1478 | P27: 0
E28: 10024 | F28: New York | G28: NYC | H28: New York | I28: 4 | K28: PoughkeepsieAC with Elec Resistance Heat | L28: Poughkeepsie | M28: AC with Elec Resistance Heat | N28: -0.1958 | O28: 0.1478 | P28: 0
E29: 10025 | F29: New York | G29: NYC | H29: New York | I29: 4 | K29: SyracuseAC with Elec Resistance Heat | L29: Syracuse | M29: AC with Elec Resistance Heat | N29: -0.217 | O29: 0.1478 | P29: 0
A30: States | E30: 10026 | F30: New York | G30: NYC | H30: New York | I30: 4 | K30: AlbanyChilled Water with Elec Resistance Heat | L30: Albany | M30: Chilled Water with Elec Resistance Heat | N30: -0.2344 | O30: 0.086 | P30: 0
A31: NY | E31: 10027 | F31: New York | G31: NYC | H31: New York | I31: 4 | K31: BinghamtonChilled Water with Elec Resistance Heat | L31: Binghamton | M31: Chilled Water with Elec Resistance Heat | N31: -0.261 | O31: 0.086 | P31: 0
A32: AL | E32: 10028 | F32: New York | G32: NYC | H32: New York | I32: 4 | K32: BuffaloChilled Water with Elec Resistance Heat | L32: Buffalo | M32: Chilled Water with Elec Resistance Heat | N32: -0.2438 | O32: 0.086 | P32: 0
A33: AK | E33: 10029 | F33: New York | G33: NYC | H33: New York | I33: 4 | K33: MassenaChilled Water with Elec Resistance Heat | L33: Massena | M33: Chilled Water with Elec Resistance Heat | N33: -0.2635 | O33: 0.086 | P33: 0
A34: AZ | E34: 10030 | F34: New York | G34: NYC | H34: New York | I34: 4 | K34: NYCChilled Water with Elec Resistance Heat | L34: NYC | M34: Chilled Water with Elec Resistance Heat | N34: -0.1898 | O34: 0.086 | P34: 0
A35: AR | E35: 10031 | F35: New York | G35: NYC | H35: New York | I35: 4 | K35: PoughkeepsieChilled Water with Elec Resistance Heat | L35: Poughkeepsie | M35: Chilled Water with Elec Resistance Heat | N35: -0.2202 | O35: 0.086 | P35: 0
A36: CA | E36: 10032 | F36: New York | G36: NYC | H36: New York | I36: 4 | K36: SyracuseChilled Water with Elec Resistance Heat | L36: Syracuse | M36: Chilled Water with Elec Resistance Heat | N36: -0.2398 | O36: 0.086 | P36: 0
A37: CO | E37: 10033 | F37: New York | G37: NYC | H37: New York | I37: 4 | K37: AlbanyFuel Heat Only | L37: Albany | M37: Fuel Heat Only | N37: 0 | O37: 0 | P37: -0.0011
A38: CT | E38: 10034 | F38: New York | G38: NYC | H38: New York | I38: 4 | K38: BinghamtonFuel Heat Only | L38: Binghamton | M38: Fuel Heat Only | N38: 0 | O38: 0 | P38: -0.0012
A39: DE | E39: 10035 | F39: New York | G39: NYC | H39: New York | I39: 4 | K39: BuffaloFuel Heat Only | L39: Buffalo | M39: Fuel Heat Only | N39: 0 | O39: 0 | P39: -0.0012
A40: FL | E40: 10036 | F40: New York | G40: NYC | H40: New York | I40: 4 | K40: MassenaFuel Heat Only | L40: Massena | M40: Fuel Heat Only | N40: 0 | O40: 0 | P40: -0.0012
A41: GA | E41: 10037 | F41: New York | G41: NYC | H41: New York | I41: 4 | K41: NYCFuel Heat Only | L41: NYC | M41: Fuel Heat Only | N41: 0 | O41: 0 | P41: -0.001
... A49: LA | E49: 10046 | F49: New York | G49: NYC | H49: New York | I49: 4 | K49: PoughkeepsieElec Resistance Heat Only | L49: Poughkeepsie | M49: Elec Resistance Heat Only | N49: -0.2542 | O49: 0 | P49: 0
A50: ME | E50: 10047 | F50: New York | G50: NYC | H50: New York | I50: 4 | K50: SyracuseElec Resistance Heat Only | L50: Syracuse | M50: Elec Resistance Heat Only | N50: -0.2714 | O50: 0 | P50: 0 | AE50: Air Cooled Refrigeration Condenser | AG50: Automatic Door Closer for Walk-in Cooler/ Freezer | AI50: Evaporator Fan Replacement with Permanent Magnet Synchronous Motors (PMSM) | AK50: Evaporator Fan Control | AM50: Anti Condensation Heater Control | AO50: Floating Head Pressure Control | AR50: Installation of Doors on Open Vertical Refrigerated Display Cases
A51: MD | E51: 10048 | F51: New York | G51: NYC | H51: New York | I51: 4 | K51: AlbanyN/A | L51: Albany | M51: N/A | N51: 0 | O51: 0 | P51: 0
A52: MA | E52: 10055 | F52: New York | G52: NYC | H52: New York | I52: 4 | K52: BinghamtonN/A | L52: Binghamton | M52: N/A | N52: 0 | O52: 0 | P52: 0
A53: MI | E53: 10060 | F53: New York | G53: NYC | H53: New York | I53: 4 | K53: BuffaloN/A | L53: Buffalo | M53: N/A | N53: 0 | O53: 0 | P53: 0 | AE53: Advanced RTU Control | AG53: Demand Control Ventilation | AI53: Kitchen Hood Demand Control Ventilation | AK53: Energy Recovery Ventilator (Sensible) | AM53: Heat Recovery Ventilator (Sensible) | AO53: Communicating Thermostat | AQ53: Hotel Guest Room Energy Management System (Occupancy Sensor)
A54: MN | E54: 10065 | F54: New York | G54: NYC | H54: New York | I54: 4 | K54: MassenaN/A | L54: Massena | M54: N/A | N54: 0 | O54: 0 | P54: 0
A55: MS | E55: 10069 | F55: New York | G55: NYC | H55: New York | I55: 4 | K55: NYCN/A | L55: NYC | M55: N/A | N55: 0 | O55: 0 | P55: 0
A56: MO | E56: 10072 | F56: New York | G56: NYC | H56: New York | I56: 4 | K56: PoughkeepsieN/A | L56: Poughkeepsie | M56: N/A | N56: 0 | O56: 0 | P56: 0 | AE56: Air Compressor Replacement | AG56: Compressed Air Flow Controller | AI56: Refrigerated Compressed Air Dryer | AK56: Compressed Air Low Pressure Drop Filter | AM56: Compressed Air Zero Loss Condensate Drain | AQ56: Drain Water Heat Recovery
A57: MT | E57: 10075 | F57: New York | G57: NYC | H57: New York | I57: 4 | K57: SyracuseN/A | L57: Syracuse | M57: N/A | N57: 0 | O57: 0 | P57: 0
A58: NE | E58: 10079 | F58: New York | G58: NYC | H58: New York | I58: 4 | K58: Albanydefault | L58: Albany | M58: default | N58: 0.0208 | O58: 0.1313 | P58: -0.0008
A59: NV | E59: 10080 | F59: New York | G59: NYC | H59: New York | I59: 4 | K59: Binghamtondefault | L59: Binghamton | M59: default | N59: 0.0119 | O59: 0.1313 | P59: -0.0008
A60: NH | E60: 10081 | F60: New York | G60: NYC | H60: New York | I60: 4 | K60: Buffalodefault | L60: Buffalo | M60: default | N60: 0.0183 | O60: 0.1313 | P60: -0.0008
A61: NJ | E61: 10082 | F61: New York | G61: NYC | H61: New York | I61: 4 | K61: Massenadefault | L61: Massena | M61: default | N61: 0.0124 | O61: 0.1313 | P61: -0.0008
A62: NM | E62: 10087 | F62: New York | G62: NYC | H62: New York | I62: 4 | K62: NYCdefault | L62: NYC | M62: default | N62: 0.0318 | O62: 0.1313 | P62: -0.0006
A63: NC | E63: 10090 | F63: New York | G63: NYC | H63: New York | I63: 4 | K63: Poughkeepsiedefault | L63: Poughkeepsie | M63: default | N63: 0.025 | O63: 0.1313 | P63: -0.0007
A64: ND | E64: 10094 | F64: New York | G64: NYC | H64: New York | I64: 4 | K64: Syracusedefault | L64: Syracuse | M64: default | N64: 0.0196 | O64: 0.1313 | P64: -0.0008
A65: OH | E65: 10095 | F65: New York | G65: NYC | H65: New York | I65: 4
A66: OK | E66: 10096 | F66: New York | G66: NYC | H66: New York | I66: 4
A67: OR | E67: 10098 | F67: New York | G67: NYC | H67: New York | I67: 4
A68: PA | E68: 10099 | F68: New York | G68: NYC | H68: New York | I68: 4
A69: RI | E69: 10101 | F69: New York | G69: NYC | H69: New York | I69: 4
A70: SC | E70: 10102 | F70: New York | G70: NYC | H70: New York | I70: 4
A71: SD | E71: 10103 | F71: New York | G71: NYC | H71: New York | I71: 4
A72: TN | E72: 10104 | F72: New York | G72: NYC | H72: New York | I72: 4
A73: TX | E73: 10105 | F73: New York | G73: NYC | H73: New York | I73: 4
A74: UT | E74: 10106 | F74: New York | G74: NYC | H74: New York | I74: 4
A75: VT | E75: 10107 | F75: New York | G75: NYC | H75: New York | I75: 4
A76: VA | E76: 10108 | F76: New York | G76: NYC | H76: New York | I76: 4
... A80: WY | E80: 10112 | F80: New York | G80: NYC | H80: New York | I80: 4
E81: 10113 | F81: New York | G81: NYC | H81: New York | I81: 4
E82: 10114 | F82: New York | G82: NYC | H82: New York | I82: 4
A83: HVACList | B83: HeatingSource | E83: 10115 | F83: New York | G83: NYC | H83: New York | I83: 4
A84: AC with Fuel Heat | B84: HeatingSource_Fuel | E84: 10116 | F84: New York | G84: NYC | H84: New York | I84: 4
A85: Chilled Water with Fuel Heat | B85: HeatingSource_Fuel | E85: 10117 | F85: New York | G85: NYC | H85: New York | I85: 4
A86: Heat Pump | B86: HeatingSource_Elec | E86: 10118 | F86: New York | G86: NYC | H86: New York | I86: 4
A87: AC with Elec Resistance Heat | B87: HeatingSource_Elec | E87: 10119 | F87: New York | G87: NYC | H87: New York | I87: 4
A88: Chilled Water with Elec Resistance Heat | B88: HeatingSource_Elec | E88: 10120 | F88: New York | G88: NYC | H88: New York | I88: 4
A89: Fuel Heat Only | B89: HeatingSource_Fuel | E89: 10121 | F89: New York | G89: NYC | H89: New York | I89: 4
A90: Elec Resistance Heat Only | B90: HeatingSource_Elec | E90: 10122 | F90: New York | G90: NYC | H90: New York | I90: 4
A91: N/A | B91: HeatingSource_NA | E91: 10123 | F91: New York | G91: NYC | H91: New York | I91: 4
E92: 10124 | F92: New York | G92: NYC | H92: New York | I92: 4
E93: 10125 | F93: New York | G93: NYC | H93: New York | I93: 4
A94: Refrigeration Temperatures | E94: 10126 | F94: New York | G94: NYC | H94: New York | I94: 4
A95: Medium ( 38° F) | E95: 10128 | F95: New York | G95: NYC | H95: New York | I95: 4
A96: Low ( 0° F) | E96: 10129 | F96: New York | G96: NYC | H96: New York | I96: 4
A97: Ice Cream (-15°F) | E97: 10130 | F97: New York | G97: NYC | H97: New York | I97: 4
E98: 10131 | F98: New York | G98: NYC | H98: New York | I98: 4
A99: Door Types | E99: 10132 | F99: New York | G99: NYC | H99: New York | I99: 4
A100: Standard Door with anti-condensation heaters | E100: 10133 | F100: New York | G100: NYC | H100: New York | I100: 4
A101: High Efficiency Door with NO anti-condensation heaters | E101: 10138 | F101: New York | G101: NYC | H101: New York | I101: 4
E102: 10149 | F102: New York | G102: NYC | H102: New York | I102: 4
A103: Air Handling | E103: 10150 | F103: New York | G103: NYC | H103: New York | I103: 4
A104: Constant Air Volume - NO Economizer | E104: 10151 | F104: New York | G104: NYC | H104: New York | I104: 4
A105: Constant Air Volume - Economizer | E105: 10152 | F105: New York | G105: NYC | H105: New York | I105: 4
A106: Variable Air Volume - Economizer | E106: 10153 | F106: New York | G106: NYC | H106: New York | I106: 4
A107: Fan Coil | E107: 10154 | F107: New York | G107: NYC | H107: New York | I107: 4
A108: Other | E108: 10155 | F108: New York | G108: NYC | H108: New York | I108: 4
E109: 10156 | F109: New York | G109: NYC | H109: New York | I109: 4
A110: Evaporator Motor HP | E110: 10157 | F110: New York | G110: NYC | H110: New York | I110: 4
...

Sheet Indirect Refrig Savings
A1: Indirect Refrigeration Savings | Q1: Nominal Performance | T1: Actual Performance | Z1: Actual
C2: Sat Suction (F) | D2: AVG Sat Condensing (F) | E2: Comp (kW/ton) | F2: Approx Cond Fan (kW/ton) | G2: System (kW/ton) | H2: % of Fan Heat into Case | I2: Ratio Total-to-Direct | J2: COP | M2: Manufacturer | N2: Refrigerant | O2: Temp Level | P2: Model | Q2: Capacity (Btu/h) | R2: Power (kW) | S2: kW/ton | T2: Capacity (Btu/h) | U2: Power (kW) | V2: kW/ton | Z2: Cap | AA2: Power | AB2: AVG | AK2: Sat | AL2: Sat
B3: Cooler (> 32˚F) | C3: 20 | D3: 87.5 | E3: =IF('App Cust Info'!$A$25=0,AB13,'App Cust Info'!$A$25) -> 1.0648533 | F3: 0.16 | G3: =E3+F3 -> 1.2248533 | H3: 1 | I3: =1+3.413/12*G3*H3 -> 1.3483687 | J3: =(12/3.413)/G3 -> 2.8705219 | M3: Copeland-DISCUS-60HZ | N3: R-12 | O3: HIGH | P3: 2DF3-0300-CFB | Q3: 45300 | R3: 4.5 | S3: 1.19 | T3: 56350.61 | U3: 3.17 | V3: 0.67 | X3: Refrigerant | Y3: Temp | Z3: Btu/h | AA3: kW | AB3: Kw/TON | AC3: Number | AK3: Suction (F) | AL3: Discharge (F)
B4: Freezer (≤ 32˚F) | C4: -20 | D4: 87.5 | E4: =IF('App Cust Info'!$G$25=0,AB12,'App Cust Info'!$G$25) -> 1.9656138 | F4: 0.2 | G4: =E4+F4 -> 2.1656138 | H4: 1 | I4: =1+3.413/12*G4*H4 -> 1.6159367 | J4: =(12/3.413)/G4 -> 1.6235436 | M4: Copeland-DISCUS-60HZ | N4: R-12 | O4: HIGH | P4: 2DF3-0300-TFC | Q4: 46400 | R4: 4.3 | S4: 1.11 | T4: 56931.49 | U4: 2.85 | V4: 0.6 | X4: R-22 | Y4: LOW | Z4: =AVERAGEIFS(T:T,O:O,Y4,N:N,X4) -> 43244.693 | AA4: =AVERAGEIFS(U:U,O:O,Y4,N:N,X4) -> 6.6355789 | AB4: =AVERAGEIFS(V:V,O:O,Y4,N:N,X4) -> 1.9205263 | AC4: =COUNTIFS(O:O,Y4,N:N,X4) -> 95 | AK4: -20 | AL4: 87.5
M5: Copeland-DISCUS-60HZ | N5: R-12 | O5: HIGH | P5: 2DA3-0500-CFB | Q5: 57600 | R5: 5.8 | S5: 1.21 | T5: 70530.05 | U5: 3.94 | V5: 0.67 | X5: R-22 | Y5: MED | Z5: =AVERAGEIFS(T:T,O:O,Y5,N:N,X5) -> 89042.2 | AA5: =AVERAGEIFS(U:U,O:O,Y5,N:N,X5) -> 7.0049533 | AB5: =AVERAGEIFS(V:V,O:O,Y5,N:N,X5) -> 1.0048598 | AC5: =COUNTIFS(O:O,Y5,N:N,X5) -> 107 | AK5: 20
M6: Copeland-DISCUS-60HZ | N6: R-12 | O6: HIGH | P6: 3DB3-0750-TFC | Q6: 83100 | R6: 7.8 | S6: 1.13 | T6: 102226.82 | U6: 5.28 | V6: 0.62 | X6: R-134A | Y6: LOW | Z6: =AVERAGEIFS(T:T,O:O,Y6,N:N,X6) -> 52901.24 | AA6: =AVERAGEIFS(U:U,O:O,Y6,N:N,X6) -> 9.4193333 | AB6: =AVERAGEIFS(V:V,O:O,Y6,N:N,X6) -> 2.1066667 | AC6: =COUNTIFS(O:O,Y6,N:N,X6) -> 15
B7: This sheet uses suction and discharge inputs (above) for find the kW/ton for both coolers and freezers. | M7: Copeland-DISCUS-60HZ | N7: R-12 | O7: HIGH | P7: 3DF3-0900-TFC | Q7: 98200 | R7: 9.4 | S7: 1.15 | T7: 118948.45 | U7: 6.7 | V7: 0.68 | X7: R-134A | Y7: MED | Z7: =AVERAGEIFS(T:T,O:O,Y7,N:N,X7) -> 18009.497 | AA7: =AVERAGEIFS(U:U,O:O,Y7,N:N,X7) -> 1.568 | AB7: =AVERAGEIFS(V:V,O:O,Y7,N:N,X7) -> 1.2015 | AC7: =COUNTIFS(O:O,Y7,N:N,X7) -> 20
B8: They are used to find the Compressor kW/ton | M8: Copeland-DISCUS-60HZ | N8: R-12 | O8: HIGH | P8: 3DS3-1000-TFC | Q8: 110000 | R8: 10.8 | S8: 1.18 | T8: 130250 | U8: 7.62 | V8: 0.7 | X8: R-404A | Y8: LOW | Z8: =AVERAGEIFS(T:T,O:O,Y8,N:N,X8) -> 26977.948 | AA8: =AVERAGEIFS(U:U,O:O,Y8,N:N,X8) -> 4.0244186 | AB8: =AVERAGEIFS(V:V,O:O,Y8,N:N,X8) -> 1.9855814 | AC8: =COUNTIFS(O:O,Y8,N:N,X8) -> 86
B9: An approximate adjustment for condenser fan kW/ton is also added in (0.20 for freezers, 0.16 for coolers) | M9: Copeland-DISCUS-60HZ | N9: R-12 | O9: HIGH | P9: 4DA1-1000-TSK | Q9: 121000 | R9: 12.3 | S9: 1.22 | T9: 142617.39 | U9: 8.3 | V9: 0.7 | X9: R-404A | Y9: MED | Z9: =AVERAGEIFS(T:T,O:O,Y9,N:N,X9) -> 64427.621 | AA9: =AVERAGEIFS(U:U,O:O,Y9,N:N,X9) -> 5.2106897 | AB9: =AVERAGEIFS(V:V,O:O,Y9,N:N,X9) -> 1.0784483 | AC9: =COUNTIFS(O:O,Y9,N:N,X9) -> 116
B10: The condenser fan kW/ton is from the "Table 5-Refrig Controls" tab assuming the following Inputs: | M10: Copeland-DISCUS-60HZ | N10: R-12 | O10: HIGH | P10: 4DH1-1500-TSK | Q10: 151000 | R10: 15.5 | S10: 1.23 | T10: 180197.97 | U10: 10.23 | V10: 0.68 | X10: R-507 | Y10: LOW | Z10: =AVERAGEIFS(T:T,O:O,Y10,N:N,X10) -> 60605.385 | AA10: =AVERAGEIFS(U:U,O:O,Y10,N:N,X10) -> 8.923617 | AB10: =AVERAGEIFS(V:V,O:O,Y10,N:N,X10) -> 1.8496809 | AC10: =COUNTIFS(O:O,Y10,N:N,X10) -> 94
B11: - Freezers: -20F suction, 87.5F condensing, 80F min condensing, Cond Fans 45 Btu/Wh @ 15F DT | M11: Copeland-DISCUS-60HZ | N11: R-12 | O11: HIGH | P11: 4DJ1-2000-TSK | Q11: 187000 | R11: 19.9 | S11: 1.28 | T11: 222204.55 | U11: 14.58 | V11: 0.79 | X11: R-507 | Y11: MED | Z11: =AVERAGEIFS(T:T,O:O,Y11,N:N,X11) -> 138894.21 | AA11: =AVERAGEIFS(U:U,O:O,Y11,N:N,X11) -> 10.601579 | AB11: =AVERAGEIFS(V:V,O:O,Y11,N:N,X11) -> 0.97460526 | AC11: =COUNTIFS(O:O,Y11,N:N,X11) -> 76
B12: - Coolers: 20F suction, 87.5F condensing, 80F min condensing, Cond Fans 45 Btu/Wh @ 15F DT | M12: Copeland-DISCUS-60HZ | N12: R-12 | O12: HIGH | P12: 6DH1-2000-TSK | Q12: 236000 | R12: 24.1 | S12: 1.23 | T12: 261500.52 | U12: 16.5 | V12: 0.76 | Y12: LOW AVERAGE | Z12: =AVERAGE(Z4,Z6,Z8,Z10) -> 45932.317 | AA12: =AVERAGE(AA4,AA6,AA8,AA10) -> 7.250737 | AB12: =AVERAGE(AB4,AB6,AB8,AB10) -> 1.9656138 | AC12: =SUM(AC4,AC6,AC8,AC10) -> 290
M13: Copeland-COPELAMETIC-60HZ | N13: R-12 | O13: HIGH | P13: HAF2-0033-IAA | Q13: 2780 | R13: 0.4 | S13: 1.73 | T13: 3618.58 | U13: 0.33 | V13: 1.08 | Y13: MED AVERAGE | Z13: =AVERAGE(Z5,Z7,Z9,Z11) -> 77593.382 | AA13: =AVERAGE(AA5,AA7,AA9,AA11) -> 6.0963055 | AB13: =AVERAGE(AB5,AB7,AB9,AB11) -> 1.0648533 | AC13: =SUM(AC5,AC7,AC9,AC11) -> 319
B14: It defines Indirect Refrigeration Savings for AntiSweat Heater Controls | M14: Copeland-COPELAMETIC-60HZ | N14: R-12 | O14: HIGH | P14: HAK2-0050-IAB | Q14: 4480 | R14: 0.7 | S14: 1.88 | T14: 5880.22 | U14: 0.54 | V14: 1.1
M15: Copeland-COPELAMETIC-60HZ | N15: R-12 | O15: HIGH | P15: KAN2-0050-IAA | Q15: 5050 | R15: 0.6 | S15: 1.43 | T15: 6722.41 | U15: 0.47 | V15: 0.84
B16: R422 refrigerants typically result in a 3-4% drop in efficiency compared to R22. To represent this level of efficiency degradation, | M16: Copeland-COPELAMETIC-60HZ | N16: R-12 | O16: HIGH | P16: KAM2-0075-IAA | Q16: 8180 | R16: 1.1 | S16: 1.61 | T16: 10247.76 | U16: 0.74 | V16: 0.87
B17: lower the saturated suction temperature by 2-3°F in cells C3 and/or C4. | M17: Copeland-COPELAMETIC-60HZ | N17: R-12 | O17: HIGH | P17: KAJ1-0100-TAC | Q17: 10300 | R17: 1.2 | S17: 1.4 | T17: 12892.93 | U17: 0.83 | V17: 0.77 | X17: add 0.20 kW/ton for LOW condensers
B18: reference: slides from Stephen Spletzer, Arkema. FMI conference, Sept-2010 | M18: Copeland-COPELAMETIC-60HZ | N18: R-12 | O18: HIGH | P18: KAJ3-0100-CAA | Q18: 10400 | R18: 1.2 | S18: 1.38 | T18: 13148.83 | U18: 0.88 | V18: 0.8 | X18: add 0.16 kW/ton for MED condensers
M19: Copeland-COPELAMETIC-60HZ | N19: R-12 | O19: HIGH | P19: KALA-0150-TAC | Q19: 15200 | R19: 1.7 | S19: 1.34 | T19: 18351.03 | U19: 1.22 | V19: 0.8 | X19: based on 45Btu/Wh @ 15F DT
M20: Copeland-COPELAMETIC-60HZ | N20: R-12 | O20: HIGH | P20: EAC1-0150-TAC | Q20: 15900 | R20: 1.7 | S20: 1.28 | T20: 19697.41 | U20: 1.25 | V20: 0.76
M21: Copeland-COPELAMETIC-60HZ | N21: R-12 | O21: HIGH | P21: KALB-0150-CAB | Q21: 15300 | R21: 1.8 | S21: 1.41 | T21: 18608.54 | U21: 1.32 | V21: 0.85 | X21: >1.5 | Y21: =COUNTIF($J$292:$J$386,X21) -> 0 | AA21: 1.5
M22: Copeland-COPELAMETIC-60HZ | N22: R-12 | O22: HIGH | P22: EAC2-0150-CAB | Q22: 15900 | R22: 1.8 | S22: 1.36 | T22: 19958.51 | U22: 1.33 | V22: 0.8 | X22: >1.6 | Y22: =COUNTIF($J$292:$J$386,X22) -> 0 | AA22: =AA21+0.1 -> 1.6 | AB22: =Y21-Y22 -> 0
M23: Copeland-COPELAMETIC-60HZ | N23: R-12 | O23: HIGH | P23: ERJ1-0200-TAC | Q23: 20300 | R23: 2.4 | S23: 1.42 | T23: 26693.76 | U23: 2.11 | V23: 0.95 | X23: >1.7 | Y23: =COUNTIF($J$292:$J$386,X23) -> 0 | AA23: =AA22+0.1 -> 1.7 | AB23: =Y22-Y23 -> 0
M24: Copeland-COPELAMETIC-60HZ | N24: R-12 | O24: HIGH | P24: ERJ2-0200-CAB | Q24: 20500 | R24: 2.5 | S24: 1.46 | T24: 26634.77 | U24: 2.21 | V24: 0.99 | X24: >1.8 | Y24: =COUNTIF($J$292:$J$386,X24) -> 0 | AA24: =AA23+0.1 -> 1.8 | AB24: =Y23-Y24 -> 0
M25: Copeland-COPELAMETIC-60HZ | N25: R-12 | O25: HIGH | P25: EAV1-0200-TAC | Q25: 21200 | R25: 2.4 | S25: 1.36 | T25: 26237.08 | U25: 1.75 | V25: 0.8 | X25: >1.9 | Y25: =COUNTIF($J$292:$J$386,X25) -> 0 | AA25: =AA24+0.1 -> 1.9 | AB25: =Y24-Y25 -> 0
M26: Copeland-COPELAMETIC-60HZ | N26: R-12 | O26: HIGH | P26: EAV2-0200-CAB | Q26: 21300 | R26: 2.5 | S26: 1.41 | T26: 26499.43 | U26: 1.86 | V26: 0.84 | X26: >2.0 | Y26: =COUNTIF($J$292:$J$386,X26) -> 0 | AA26: =AA25+0.1 -> 2 | AB26: =Y25-Y26 -> 0
M27: Copeland-COPELAMETIC-60HZ | N27: R-12 | O27: HIGH | P27: 3RK1-0300-TAE | Q27: 29500 | R27: 3.4 | S27: 1.38 | T27: 37713.96 | U27: 2.46 | V27: 0.78 | X27: >2.1 | Y27: =COUNTIF($J$292:$J$386,X27) -> 0 | AA27: =AA26+0.1 -> 2.1 | AB27: =Y26-Y27 -> 0
M28: Copeland-COPELAMETIC-60HZ | N28: R-12 | O28: HIGH | P28: 3RK1-0310-TAC | Q28: 29500 | R28: 3.4 | S28: 1.38 | T28: 37713.96 | U28: 2.46 | V28: 0.78 | X28: >2.2 | Y28: =COUNTIF($J$292:$J$386,X28) -> 0 | AA28: =AA27+0.1 -> 2.2 | AB28: =Y27-Y28 -> 0
M29: Copeland-COPELAMETIC-60HZ | N29: R-12 | O29: HIGH | P29: NRB2-0310-CFB | Q29: 30400 | R29: 3.5 | S29: 1.38 | T29: 38653.98 | U29: 2.84 | V29: 0.88 | X29: >2.3 | Y29: =COUNTIF($J$292:$J$386,X29) -> 0 | AA29: =AA28+0.1 -> 2.3 | AB29: =Y28-Y29 -> 0
M30: Copeland-COPELAMETIC-60HZ | N30: R-12 | O30: HIGH | P30: 3RK2-0310-CAB | Q30: 30000 | R30: 3.6 | S30: 1.44 | T30: 38117.2 | U30: 2.61 | V30: 0.82 | X30: >2.4 | Y30: =COUNTIF($J$292:$J$386,X30) -> 0 | AA30: =AA29+0.1 -> 2.4 | AB30: =Y29-Y30 -> 0
M31: Copeland-COPELAMETIC-60HZ | N31: R-12 | O31: HIGH | P31: LAH1-0310-CAB | Q31: 31900 | R31: 3.5 | S31: 1.32 | T31: 40566.27 | U31: 2.79 | V31: 0.83 | X31: >2.5 | Y31: =COUNTIF($J$292:$J$386,X31) -> 0 | AA31: =AA30+0.1 -> 2.5 | AB31: =Y30-Y31 -> 0
M32: Copeland-COPELAMETIC-60HZ | N32: R-12 | O32: HIGH | P32: LAH1-0310-TAC | Q32: 31900 | R32: 3.4 | S32: 1.28 | T32: 39961.86 | U32: 2.65 | V32: 0.79
M33: Copeland-COPELAMETIC-60HZ | N33: R-12 | O33: HIGH | P33: LAH1-0300-TAE | Q33: 31900 | R33: 3.4 | S33: 1.28 | T33: 39961.86 | U33: 2.65 | V33: 0.79 | X33: >0.4 | Y33: =COUNTIF($J731:V$837,X33) -> 637 | AA33: 0.4
M34: Copeland-COPELAMETIC-60HZ | N34: R-12 | O34: HIGH | P34: MRF2-0506-CFB | Q34: 48900 | R34: 5.8 | S34: 1.42 | T34: 58510.76 | U34: 4.14 | V34: 0.85 | X34: >0.5 | Y34: =COUNTIF($J732:V$837,X34) -> 628 | AA34: =AA33+0.1 -> 0.5 | AB34: =Y33-Y34 -> 9
M35: Copeland-COPELAMETIC-60HZ | N35: R-12 | O35: HIGH | P35: MRF2-0500-TFC | Q35: 48900 | R35: 5.6 | S35: 1.37 | T35: 58510.76 | U35: 4.02 | V35: 0.82 | X35: >0.6 | Y35: =COUNTIF($J733:V$837,X35) -> 620 | AA35: =AA34+0.1 -> 0.6 | AB35: =Y34-Y35 -> 8
M36: Copeland-COPELAMETIC-60HZ | N36: R-12 | O36: HIGH | P36: 9RC1-0765-TFC | Q36: 71900 | R36: 8.7 | S36: 1.45 | T36: 89160.91 | U36: 6.63 | V36: 0.89 | X36: >0.7 | Y36: =COUNTIF($J734:V$837,X36) -> 610 | AA36: =AA35+0.1 -> 0.7 | AB36: =Y35-Y36 -> 10
M37: Copeland-COPELAMETIC-60HZ | N37: R-12 | O37: HIGH | P37: 9RS3-1015-THC | Q37: 99800 | R37: 11.9 | S37: 1.43 | T37: 122696.12 | U37: 9.08 | V37: 0.89 | X37: >0.8 | Y37: =COUNTIF($J735:V$837,X37) -> 600 | AA37: =AA36+0.1 -> 0.8 | AB37: =Y36-Y37 -> 10
M38: Copeland-COPELAMETIC-60HZ | N38: R-12 | O38: HIGH | P38: 4RA3-1000-TSK | Q38: 106000 | R38: 11.7 | S38: 1.32 | T38: 129643.34 | U38: 8.71 | V38: 0.81 | X38: >0.9 | Y38: =COUNTIF($J736:V$837,X38) -> 555 | AA38: =AA37+0.1 -> 0.9 | AB38: =Y37-Y38 -> 45
M39: Copeland-COPELAMETIC-60HZ | N39: R-12 | O39: HIGH | P39: 4RH1-1500-TSK | Q39: 148000 | R39: 17 | S39: 1.38 | T39: 167721.3 | U39: 12.36 | V39: 0.88 | X39: >1.0 | Y39: =COUNTIF($J737:V$837,X39) -> 529 | AA39: =AA38+0.1 -> 1 | AB39: =Y38-Y39 -> 26
M40: Copeland-COPELAMETIC-60HZ | N40: R-12 | O40: HIGH | P40: 6RA4-2000-TSK | Q40: 164000 | R40: 18.7 | S40: 1.37 | T40: 209961.66 | U40: 13.89 | V40: 0.79 | X40: >1.1 | Y40: =COUNTIF($J738:V$837,X40) -> 496 | AA40: =AA39+0.1 -> 1.1 | AB40: =Y39-Y40 -> 33
M41: Copeland-DISCUS-50HZ | N41: R-12 | O41: HIGH | P41: 2DF3-0300-TFC | Q41: 38700 | R41: 3.5 | S41: 1.09 | T41: 47537.8 | U41: 2.34 | V41: 0.59 | X41: >1.2 | Y41: =COUNTIF($J739:V$837,X41) -> 476 | AA41: =AA40+0.1 -> 1.2 | AB41: =Y40-Y41 -> 20
M42: Copeland-DISCUS-50HZ | N42: R-12 | O42: HIGH | P42: 2DA3-0500-TFC | Q42: 48500 | R42: 4.5 | S42: 1.11 | T42: 59761.79 | U42: 3 | V42: 0.6 | X42: >1.3 | Y42: =COUNTIF($J740:V$837,X42) -> 468 | AA42: =AA41+0.1 -> 1.3 | AB42: =Y41-Y42 -> 8
M43: Copeland-DISCUS-50HZ | N43: R-12 | O43: HIGH | P43: 3DB3-0750-TFC | Q43: 71200 | R43: 6.6 | S43: 1.11 | T43: 85191.3 | U43: 4.24 | V43: 0.6 | X43: >1.4 | Y43: =COUNTIF($J741:V$837,X43) -> 447 | AA43: =AA42+0.1 -> 1.4 | AB43: =Y42-Y43 -> 21
M44: Copeland-DISCUS-50HZ | N44: R-12 | O44: HIGH | P44: 3DF3-0900-TFD | Q44: 85900 | R44: 7.7 | S44: 1.08 | T44: 103053.36 | U44: 5.07 | V44: 0.59 | X44: >1.5 | Y44: =COUNTIF($J742:V$837,X44) -> 417 | AA44: =AA43+0.1 -> 1.5 | AB44: =Y43-Y44 -> 30
M45: Copeland-DISCUS-50HZ | N45: R-12 | O45: HIGH | P45: 3DS3-1000-TFD | Q45: 93400 | R45: 8.8 | S45: 1.13 | T45: 110230.73 | U45: 5.91 | V45: 0.64 | X45: >1.6 | Y45: =COUNTIF($J743:V$837,X45) -> 381 | AA45: =AA44+0.1 -> 1.6 | AB45: =Y44-Y45 -> 36
M46: Copeland-DISCUS-50HZ | N46: R-12 | O46: HIGH | P46: 4DA1-1000-TSK | Q46: 101000 | R46: 10.2 | S46: 1.21 | T46: 118995.56 | U46: 6.9 | V46: 0.7
M47: Copeland-DISCUS-50HZ | N47: R-12 | O47: HIGH | P47: 4DH1-1500-TSK | Q47: 125000 | R47: 12.9 | S47: 1.24 | T47: 149685.2 | U47: 8.54 | V47: 0.68
M48: Copeland-DISCUS-50HZ | N48: R-12 | O48: HIGH | P48: 4DJ1-2000-TSK | Q48: 156000 | R48: 16.6 | S48: 1.28 | T48: 185318.45 | U48: 12.12 | V48: 0.79
M49: Copeland-DISCUS-50HZ | N49: R-12 | O49: HIGH | P49: 6DH1-2000-TSK | Q49: 197000 | R49: 20 | S49: 1.22 | T49: 218031.52 | U49: 13.75 | V49: 0.76
M50: Copeland-COPELAMETIC-50HZ | N50: R-12 | O50: HIGH | P50: KAN2-0050-IAA | Q50: 4220 | R50: 0.5 | S50: 1.42 | T50: 5613.22 | U50: 0.38 | V50: 0.82
M51: Copeland-COPELAMETIC-50HZ | N51: R-12 | O51: HIGH | P51: KAM2-0075-IAA | Q51: 6830 | R51: 0.9 | S51: 1.58 | T51: 8556.88 | U51: 0.61 | V51: 0.85
M52: Copeland-COPELAMETIC-50HZ | N52: R-12 | O52: HIGH | P52: KALB-0150-CAB | Q52: 12800 | R52: 1.5 | S52: 1.41 | T52: 15538.12 | U52: 1.08 | V52: 0.83
M53: Copeland-COPELAMETIC-50HZ | N53: R-12 | O53: HIGH | P53: NRB2-0310-TFC | Q53: 30500 | R53: 3.4 | S53: 1.34 | T53: 38686.04 | U53: 2.68 | V53: 0.83
M54: Copeland-COPELAMETIC-50HZ | N54: R-12 | O54: HIGH | P54: 6RH1-2000-TSK | Q54: 228000 | R54: 18.1 | S54: 0.95 | T54: 253841.73 | U54: 13.36 | V54: 0.63
M55: Copeland-COPELAMETIC-50HZ | N55: R-12 | O55: HIGH | P55: 6RH1-2000-TSK | Q55: 228000 | R55: 18.1 | S55: 0.95 | T55: 253843.83 | U55: 13.36 | V55: 0.63
M56: Carlyle | N56: R-134A | O56: HIGH | P56: 06DR109 | Q56: 23945.2 | R56: 1.9 | S56: 0.95 | T56: 33869.81 | U56: 1.76 | V56: 0.62
M57: Carlyle | N57: R-134A | O57: HIGH | P57: 06DR013 | Q57: 33606.6 | R57: 2.6 | S57: 0.93 | T57: 48417.77 | U57: 2.39 | V57: 0.59
... M1090: Copeland-COPELAWELD-50HZ | N1090: R-507 | O1090: MED | P1090: CS33K3E-TF5 | Q1090: 26800 | R1090: 4.3 | S1090: 1.93 | T1090: 41232.2 | U1090: 3.86 | V1090: 1.12
